 Dungeon Crawl Stone Soup version 0.24.0-123-gd5b16e6ec5 (webtiles) character file.

Game seed: 12646403984450878261, levelgen mode: deterministic

1128394 Andrea the Skullcrusher (level 27, -4/249 HPs)
             Began as a Gnoll Wizard on Jan 8, 2020.
             Was the Champion of Cheibriados.
             Killed by divine providence
             ... invoked by a smoke demon
              (16 damage)
             ... in Pandemonium on Jan 12, 2020.
             The game lasted 11:56:17 (112660 turns).

Andrea the Skullcrusher (Gnoll Wizard)            Turns: 112660, Time: 11:56:18

Health: -4/249     AC: 41    Str: 30    XL:     27
Magic:  40/50      EV: 36    Int: 36    God:    Cheibriados [******]
Gold:   6177       SH: 29    Dex: 37    Spells: 5/73 levels left

rFire    + + +     SeeInvis +   x - +4 demon blade (vamp)
rCold    + + +     Gourm    .   O - +5 shield {reflect}
rNeg     + + +     Faith    .   k - +6 plate armour of Sero {rElec rPois rN+++ Int-2}
rPois    ∞         Spirit   .   r - +2 hat {MR+}
rElec    +         Reflect  +   g - +2 cloak {MR+}
rCorr    .         Harm     .   y - +2 pair of gloves {Dex+3}
MR       +++++                  K - +2 pair of boots of Wujinn {rC+}
Stlth    +++++++...             u - amulet of the Morning {RegenMP +Blink rC+ Int+3 SInv}
HPRegen  0.00/turn              j - ring "Ciuri" {rF++ rC++ EV+1 Str-3}
MPRegen  0.57/turn              e - ring of the Illusory Scars {+Blink +Fly rElec rN+ Slay+5}

@: lich-form, frozen, flying, very slightly contaminated, studying Polearms,
lightly drained, deflect missiles, very slow
A: distributed training, claws 1, fangs 1, hooves 1, horns 1, repulsion field 1,
large bone plates 1, thin skeletal structure 1, berserk 1, deformed body, dopey
1, fire resistance 1, inhibited regeneration, subdued magic 3, strong nose
}: 9/15 runes: decaying, slimy, silver, abyssal, demonic, glowing, fiery, dark,
gossamer
a: End Transformation, Bend Time, Temporal Distortion, Slouch, Step From Time,
Renounce Religion, Evoke Blink


You were in Pandemonium.
You worshipped Cheibriados.
Cheibriados was exalted by your worship.
You were not hungry.
You were a lich.
You visited 12 branches of the dungeon, and saw 55 of its levels.
You visited Pandemonium 2 times, and saw 14 of its levels.
You visited the Abyss 10 times.
You visited 1 bazaar.
You also visited: Trove, Bailey, Volcano and Wizlab.

You collected 11980 gold pieces.
You spent 5803 gold pieces at shops.

Inventory:

Hand Weapons
 a - the +9 staff of Olgreb {rPois}
   (You took it off Arachne on level 3 of the Spider Nest)

   It protects you from poison.
 b - a +6 hunting sling of freezing
 c - a +9 eudemon blade of holy wrath
 d - a +6 scimitar of freezing
 p - the +9 staff of Wucad Mu {channel}
   (You found it in a wizard's laboratory)
 x - a +4 vampiric demon blade (weapon)
Missiles
 A - 512 sling bullets
 W - 5 throwing nets (quivered)
Armour
 g - a +2 cloak of magic resistance (worn)
 k - the +6 plate armour of Sero (worn) {rElec rPois rN+++ Int-2}
   (You found it on level 4 of the Abyss)

   It affects your intelligence (-2).
   It insulates you from electricity.
   It protects you from poison.
   It renders you almost immune to negative energy.
 r - a +2 hat of magic resistance (worn)
 y - a +2 pair of gloves of dexterity (worn)
 K - the +2 pair of boots of Wujinn (worn) {rC+}
   (You found it in Pandemonium)

   It protects you from cold.
 O - a +5 shield of reflection (worn)
Magical Staves
 U - an uncursed staff of wizardry
Jewellery
 e - the ring of the Illusory Scars (right hand) {+Blink +Fly rElec rN+ Slay+5}
   (You took it off a warmonger in Pandemonium)

   [ring of positive energy]

   It affects your accuracy and damage with ranged weapons and melee attacks
   (+5).
   It insulates you from electricity.
   It protects you from negative energy.
   It lets you fly.
   It lets you blink.
 j - the ring "Ciuri" (left hand) {rF++ rC++ EV+1 Str-3}
   (You took it off a deep elf mage on level 3 of the Elven Halls)

   [ring of evasion]

   It affects your evasion (+1).
   It affects your strength (-3).
   It greatly protects you from fire.
   It greatly protects you from cold.
 u - the amulet of the Morning (around neck) {RegenMP +Blink rC+ Int+3 SInv}
   (You found it in a treasure trove)

   [amulet of magic regeneration]

   It increases your magic regeneration.
   It affects your intelligence (+3).
   It protects you from cold.
   It lets you see invisible.
   It lets you blink.
 M - an uncursed ring of resist corrosion
Wands
 m - a wand of digging (8)
 q - a wand of paralysis (57)
Scrolls
 h - 3 scrolls of identify
 i - 4 scrolls of silence
 o - 14 scrolls of amnesia
 s - 10 scrolls of enchant armour
 w - 11 scrolls of blinking
 B - 2 scrolls of torment
 F - 20 scrolls of teleportation
 G - 19 scrolls of magic mapping
 I - 3 scrolls of summoning
 J - 37 scrolls of remove curse
 R - 12 scrolls of fog
 T - 4 scrolls of brand weapon
 V - 4 scrolls of holy word
Potions
 l - 13 potions of heal wounds
 n - 5 potions of cancellation
 t - 2 potions of magic
 v - 11 potions of agility
 z - 11 potions of brilliance
 C - 23 potions of curing
 E - 15 potions of flight
 L - 2 potions of might
 S - 4 potions of resistance
Books
 X - a manual of Stealth
 Z - a manual of Polearms
Miscellaneous
 N - 2 phantom mirrors
Comestibles
 f - 4 chunks of flesh
 P - 113 rations


   Skills:
 O Level 27(26.4) Fighting
 + Level 23.2(22.7) Short Blades
 + Level 23.2(22.7) Long Blades
 + Level 23.2(22.7) Axes
 O Level 27(26.4) Maces & Flails
 + Level 24.7(24.1) Polearms
 + Level 23.2(22.7) Staves
 + Level 23.2(22.7) Slings
 + Level 23.2(22.7) Bows
 + Level 23.2(22.7) Crossbows
 + Level 23.2(22.7) Throwing
 + Level 23.2(22.7) Armour
 + Level 23.5(22.9) Dodging
 O Level 27(26.4) Stealth
 + Level 23.2(22.7) Shields
 + Level 23.2(22.7) Unarmed Combat
 + Level 23.9(23.3) Spellcasting
 + Level 20.3(19.8) Conjurations
 + Level 20.2(19.7) Hexes
 + Level 20.2(19.7) Charms
 + Level 20.3(19.8) Summonings
 + Level 20.2(19.7) Necromancy
 + Level 20.3(19.8) Translocations
 + Level 20.2(19.7) Transmutations
 + Level 20.2(19.7) Fire Magic
 + Level 20.2(19.7) Ice Magic
 + Level 20.2(19.7) Air Magic
 + Level 20.2(19.7) Earth Magic
 + Level 20.2(19.7) Poison Magic
 + Level 24.9(24.3) Invocations
 + Level 23.2(22.7) Evocations


You had 5 spell levels left.
You knew the following spells:

 Your Spells              Type           Power        Failure   Level  Hunger
a - Lesser Beckoning      Tloc           #######...   0%          3    N/A
b - Ignition              Fire           #######...   1%          8    N/A
c - Statue Form           Tmut/Erth      #######..    0%          6    N/A
e - Blink                 Tloc           N/A          0%          2    N/A
f - Slow                  Hex            #######.     0%          2    N/A
g - Deflect Missiles      Chrm/Air       #######...   0%          6    N/A
h - Summon Lightning Spi  Summ/Air       #######.     0%          4    N/A
i - Aura of Abjuration    Summ           #######...   0%          5    N/A
j - Irradiate             Conj/Tmut      #######...   0%          5    N/A
k - Ignite Poison         Fire/Tmut/Pois #######.     0%          3    N/A
l - Summon Butterflies    Summ           #######.     0%          1    N/A
m - Borgnjor's Vile Clut  Necr/Erth      #######...   0%          5    N/A
n - Regeneration          Chrm/Necr      #######...   0%          3    N/A
o - Malign Gateway        Summ/Tloc      #######...   1%          7    N/A
p - Necromutation         Tmut/Necr      #######...   1%          8    N/A

Your spell library contained the following spells:

 Spells                   Type           Power        Failure   Level  Hunger
 Animate Skeleton         Necr           N/A          0%          1    N/A
 Apportation              Tloc           ######       0%          1    N/A
 Confusing Touch          Hex            ######       0%          1    N/A
 Flame Tongue             Conj/Fire      #####        0%          1    N/A
 Infusion                 Chrm           ####         0%          1    N/A
 Magic Dart               Conj           ####         0%          1    N/A
 Pain                     Necr           ####         0%          1    N/A
 Sandblast                Erth           ######       0%          1    N/A
 Shock                    Conj/Air       ####         0%          1    N/A
 Sting                    Conj/Pois      ####         0%          1    N/A
 Summon Small Mammal      Summ           ####         0%          1    N/A
 Call Imp                 Summ           #######.     0%          2    N/A
 Corpse Rot               Necr           N/A          0%          2    N/A
 Ensorcelled Hibernation  Hex/Ice        ######       0%          2    N/A
 Passwall                 Tmut/Erth      #######.     0%          2    N/A
 Poisonous Vapours        Pois/Air       ######       0%          2    N/A
 Searing Ray              Conj           ######       0%          2    N/A
 Shroud of Golubria       Chrm/Tloc      ######       0%          2    N/A
 Song of Slaying          Chrm           #######.     0%          2    N/A
 Sticks to Snakes         Tmut           #######.     0%          2    N/A
 Sublimation of Blood     Necr           #######...   0%          2    N/A
 Swiftness                Chrm/Air       #######.     0%          2    N/A
 Call Canine Familiar     Summ           #######.     0%          3    N/A
 Conjure Flame            Conj/Fire      #######.     0%          3    N/A
 Dazzling Spray           Conj/Hex       ######       0%          3    N/A
 Gell's Gravitas          Tloc           #######...   0%          3    N/A
 Mephitic Cloud           Conj/Pois/Air  #######.     0%          3    N/A
 Recall                   Summ/Tloc      N/A          0%          3    N/A
 Spectral Weapon          Hex/Chrm       #######.     0%          3    N/A
 Static Discharge         Conj/Air       #######.     0%          3    N/A
 Stone Arrow              Conj/Erth      ######       0%          3    N/A
 Summon Guardian Golem    Hex/Summ       #######.     0%          3    N/A
 Teleport Other           Tloc           #######.     0%          3    N/A
 Tukima's Dance           Hex            #######.     0%          3    N/A
 Vampiric Draining        Necr           #######...   0%          3    N/A
 Airstrike                Air            #######...   0%          4    N/A
 Animate Dead             Necr           N/A          0%          4    N/A
 Cause Fear               Hex            #######...   0%          4    N/A
 Force Lance              Conj/Tloc      #######.     0%          4    N/A
 Fulminant Prism          Conj/Hex       #######...   0%          4    N/A
 Ice Form                 Ice/Tmut       #######.     0%          4    N/A
 Iskenderun's Mystic Bla  Conj           #######.     0%          4    N/A
 Leda's Liquefaction      Hex/Erth       #######...   0%          4    N/A
 Olgreb's Toxic Radiance  Pois           #######.     0%          4    N/A
 Passage of Golubria      Tloc           N/A          0%          4    N/A
 Petrify                  Tmut/Erth      #######.     0%          4    N/A
 Sticky Flame             Conj/Fire      #######.     0%          4    N/A
 Summon Ice Beast         Ice/Summ       #######.     0%          4    N/A
 Agony                    Necr           #######.     0%          5    N/A
 Alistair's Intoxication  Tmut/Pois      #######.     0%          5    N/A
 Blade Hands              Tmut           #######...   0%          5    N/A
 Bolt of Magma            Conj/Fire/Erth #######...   0%          5    N/A
 Dispel Undead            Necr           #######.     0%          5    N/A
 Lee's Rapid Deconstruct  Erth           #######...   0%          5    N/A
 Lightning Bolt           Conj/Air       #######...   0%          5    N/A
 Metabolic Englaciation   Hex/Ice        #######...   0%          5    N/A
 Silence                  Hex/Air        #######...   0%          5    N/A
 Summon Demon             Summ           #######...   0%          5    N/A
 Summon Forest            Summ/Tloc      #######...   0%          5    N/A
 Summon Mana Viper        Hex/Summ       #######.     0%          5    N/A
 Venom Bolt               Conj/Pois      #######...   0%          5    N/A
 Yara's Violent Unravell  Hex/Tmut       #######...   0%          5    N/A
 Bolt of Cold             Conj/Ice       #######...   0%          6    N/A
 Bolt of Fire             Conj/Fire      #######...   0%          6    N/A
 Conjure Ball Lightning   Conj/Air       #######...   0%          6    N/A
 Darkness                 Hex            #######...   0%          6    N/A
 Freezing Cloud           Conj/Ice/Air   #######...   0%          6    N/A
 Hydra Form               Tmut           #######...   0%          6    N/A
 Invisibility             Hex            #######.     0%          6    N/A
 Iron Shot                Conj/Erth      #######...   0%          6    N/A
 Ozocubu's Refrigeration  Ice            #######...   0%          6    N/A
 Poison Arrow             Conj/Pois      #######...   0%          6    N/A
 Shadow Creatures         Summ           N/A          0%          6    N/A
 Simulacrum               Ice/Necr       #######...   0%          6    N/A
 Dragon Form              Tmut           #######...   1%          7    N/A
 Haunt                    Necr/Summ      #######...   1%          7    N/A
 Monstrous Menagerie      Summ           #######...   1%          7    N/A
 Ring of Flames           Chrm/Fire      #######...   1%          7    N/A
 Summon Greater Demon     Summ           #######...   1%          7    N/A
 Summon Hydra             Summ           #######...   1%          7    N/A
 Borgnjor's Revivificati  Necr           #######...   1%          8    N/A
 Chain Lightning          Conj/Air       #######...   1%          8    N/A
 Death's Door             Chrm/Necr      #######...   1%          8    N/A
 Discord                  Hex            #######...   1%          8    N/A
 Infestation              Necr           #######...   1%          8    N/A
 Lehudib's Crystal Spear  Conj/Erth      #######...   1%          8    N/A
 Summon Horrible Things   Summ           #######...   1%          8    N/A
 Dragon's Call            Summ           #######...   38%         9    N/A
 Fire Storm               Conj/Fire      #######...   38%         9    N/A
 Glaciate                 Conj/Ice       #######...   38%         9    N/A
 Shatter                  Erth           #######...   38%         9    N/A
 Tornado                  Air            #######...   38%         9    N/A

Dungeon Overview and Level Annotations

Branches:
Dungeon (15/15)            Temple (1/1) D:4            Lair (6/6) D:11
  Swamp (4/4) Lair:2       Spider (4/4) Lair:2        Slime (5/5) Lair:6
    Orc (2/2) D:9             Elf (3/3) Orc:2        Vaults (5/5) D:14
  Crypt (1/3) Vaults:3     Depths (5/5) D:15            Zot (4/5) Depths:5
 Bailey (visited)         Volcano (visited)          WizLab (visited)

Altars:
Ashenzari
Cheibriados
Dithmenos
Elyvilon
Fedhas
Gozag
Hepliaklqana
Kikubaaqudgha
Makhleb
Nemelex Xobeh
Okawaru
Qazlal
Ru
Sif Muna
Trog
Uskayaw
Vehumet
Wu Jian
Xom
Yredelemnul
Zin
The Shining One
Beogh
Jiyva

Shops:
D:8 *   Orc:2 %*[:   Elf:1 *   Elf:2 (**[   Vaults:1 =:*[   Vaults:2 }
Depths:2 [   Depths:4 ?==}

Portals:
Hell: Depths:1 Depths:2 Depths:3 Depths:4 Depths:5
Abyss: Depths:1 Depths:4 Depths:5
Pandemonium: Orc:2 Depths:1 Depths:3 Depths:4
Ziggurat: Depths:2

Annotations:
Lair:3 3 runed translucent doors, Dikli's ghost, journeyman MiBe
Spider:3 Mara
Crypt:1 1 transporter, exclusion: orange crystal statue
Depths:5 j
Pan Lom Lobon


Innate Abilities, Weirdness & Mutations

Your experience applies equally to all skills.
You have very sharp teeth.
Your uncanny sense of smell can sniff out nearby items.
You have sharp fingernails.
You have large cloven feet.
You have a pair of small horns on your head.
You are surrounded by a mild repulsion field. (EV +2)
You are partially covered in large bone plates. (SH +4)
You have a somewhat thin skeletal structure. (Dex +2, Stealth)
You tend to lose your temper in combat.
Armour fits poorly on your strangely shaped body.
You are dopey. (Int -2)
Your flesh is heat resistant. (rF+)
You do not regenerate when monsters are visible.
Your spells are much easier to cast, but much less powerful.


Message History

Confirm with . or Enter, or press ? or * to list all spells.
You can't see any susceptible monsters within range! (Use Z to cast anyway.)
The ice encasing you melts away.
Lom Lobon gestures.
Lom Lobon gestures at you.
Lom Lobon conjures a mighty blast of ice!
The great icy blast engulfs the ball lightning!!!
The ball lightning partially resists.
The ball lightning explodes!
The blast of lightning engulfs Lom Lobon.
Lom Lobon completely resists.
The great icy blast engulfs you! You partially resist.
* * * LOW HITPOINT WARNING * * *
You are encased in ice.
You hear a roar!
Your surroundings suddenly seem different.
A smoke demon comes into view.
You barely miss the smoke demon. The smoke demon gestures at you.
Something smites you!
You die...

..# ##....... ..###
##...## ....### #####∆
..≈≈≈≈# ###≈≈≈##
.≈≈≈≈≈≈# ##....≈≈##
≈≈≈≈≈≈≈# #......≈≈#
≈≈≈≈≈≈≈≈###..≈....≈##
≈≈≈≈≈≈≈≈##...≈≈...≈≈#
≈≈≈.≈≈≈≈##...≈≈3L..≈#
≈≈)..≈≈≈≈#..≈≈≈≈...≈##
≈≈...≈≈≈≈#..≈≈≈≈≈..≈≈#
≈≈≈.≈≈≈≈≈#.≈≈≈≈....≈≈#
≈≈≈≈≈≈≈≈≈..≈≈≈.....≈≈#
≈≈≈≈≈≈≈≈...≈≈.....≈≈##
≈≈≈≈≈≈≈≈..≈≈......≈≈#
≈≈≈≈≈≈≈..#≈≈..⌠..≈≈≈#
.≈≈≈≈≈...#≈..*...≈≈##


You could see a smoke demon.

Vanquished Creatures
  Cerebov (Pan)
  the Royal Jelly (Slime:5)
  Gloorx Vloq (Pan)
  Mnoleg (Pan)
  3 ancient liches (Abyss:1)
  Mennas (Depths:3)
  A juggernaut (Depths:2)
  Boris (Depths:3)
  2 curse toes
  Saint Roka (Vaults:3)
  2 Killer Klowns
  Nikola (Depths:3)
  8 pandemonium lords (Pan)
  6 golden dragons
  5 profane servitors
  the Enchantress (Depths:3)
  19 bone dragons
  3 Tzitzimimeh (Pan)
  Arachne (Spider:3)
  10 Brimstone Fiends
  An electric golem (Zot:3)
  A hellephant (Abyss:1)
  17 tentacled monstrosities
  15 liches
  14 Hell Sentinels
  Jorgrun (Orc:2)
  7 Ice Fiends (Pan)
  A deep elf master archer (Elf:3)
  8 quicksilver dragons
  2 deep elf blademasters (Elf:3)
  60 tentacled starspawn
  11 titans
  Frances (D:14)
  35 Executioners
  An ancient champion (Vaults:3)
  23 acid blobs
  6 death cobs
  A kraken (Abyss:3)
  8 sphinxes
  8 tengu reavers
  4 daevas
  6 draconian monks
  11 shadow dragons
  11 storm dragons
  9 azure jellies
  5 draconian knights
  Roxanne (Spider:3)
  10 deep elf sorcerers
  4 frost giants
  17 vault wardens
  2 iron dragons
  7 fire giants
  2 orc warlords
  6 draconian scorchers
  2 draconian stormcallers
  10 ghost moths
  21 corrupters (Pan)
  34 balrugs
  4 emperor scorpions (Spider:4)
  6 draconian shifters
  4 deep elf elementalists
  4 angels (Abyss:3)
  41 cacodemons
  10 ironheart preservers
  10 warmongers (Pan)
  4 ghouls (Crypt:1)
  4 curse skulls
  A juggernaut skeleton (Crypt:1)
  9 draconian annihilators
  3 spriggan defenders
  17 stone giants
  10 blood saints (Pan)
  A stone giant (shapeshifter) (Vaults:5)
  An ophan (Abyss:3)
  4 war gargoyles
  9 reapers
  An entropy weaver (shapeshifter) (Zot:3)
  13 black draconians
  6 vampire knights
  63 very ugly things
  4 entropy weavers
  4 deep elf demonologists
  Azrael (Orc:2)
  8 black suns (Pan)
  27 lorocyprocas
  9 green draconians
  11 red draconians
  A red draconian (shapeshifter) (Zot:3)
  11 white draconians
  12 yellow draconians
  6 spark wasps
  16 deep elf annihilators
  4 purple draconians
  6 ettins
  12 green deaths
  A crystal guardian (Zot:3)
  12 blizzard demons
  5 eidola
  A merfolk javelineer (Depths:2)
  Josephine (D:12)
  5 jiangshi
  A pearl dragon zombie (Depths:1)
  32 great orbs of eyes
  7 fire dragons
  12 deep elf death magi
  7 death oozes (Slime:5)
  5 deep elf high priests
  12 yaktaur captains
  Fannar (D:10)
  8 ogre magi
  Harold (D:8)
  3 hell beasts (Pan)
  14 ice dragons
  3 catoblepae
  A ghost crab (Swamp:4)
  20 hydras
  15 rakshasas
  3 naga warriors
  An anaconda (shapeshifter) (Abyss:3)
  5 spriggan air magi
  30 vault guards
  13 monstrous demonspawn (Pan)
  8 centaur warriors
  A shambling mangrove (Swamp:2)
  30 two-headed ogres
  6 death knights
  8 vampire magi
  A queen ant (Lair:2)
  16 alligators
  3 tengu warriors
  4 deep troll shamans
  31 dancing weapons
  16 hell hogs
  85 thrashing horrors
  8 deep troll earth magi
  96 sun demons
  2 orc high priests (Orc:2)
  7 hell knights
  3 shock serpents (Pan)
  4 spriggan berserkers
  75 soul eaters
  A titan skeleton (Crypt:1)
  25 deep elf knights
  A salamander mystic (Depths:4)
  22 spatial maelstroms
  4 iron trolls
  8 skeletal warriors
  58 wretched stars
  The ghost of FishyPogo the Skirmisher, a novice DsFE of Makhleb (D:7)
  12 shadow wraiths
  A fire crab (Abyss:1)
  58 sixfirhies
  A storm dragon skeleton (Pan)
  2 death drakes
  241 large abominations
  117 small abominations
  17 gelid demonspawn (Pan)
  11 unseen horrors
  5 flayed ghosts
  10 infernal demonspawn
  237 starcursed masses
  6 glowing orange brains
  32 shadow demons
  7 torturous demonspawn
  19 deep trolls
  4 swamp dragons
  An anaconda skeleton (Pan)
  13 deep elf archers
  2 glowing orange brains (shapeshifter)
  A golden dragon skeleton (Pan)
  14 phantasmal warriors
  5 wizards
  8 harpies
  11 ironbrand convokers
  13 orc knights
  10 shining eyes
  69 deep elf magi
  42 ugly things
  7 necromancers
  A mana viper (shapeshifter) (Abyss:3)
  2 mana vipers
  17 orb spiders
  3 cyclopes
  4 frost giant zombies
  5 orc sorcerers
  A manticore (D:11)
  28 wolf spiders
  4 elephants (Lair:6)
  A moth of wrath (shapeshifter) (Depths:4)
  A fire giant zombie (Crypt:1)
  18 worldbinders
  29 moths of wrath
  A dire elephant zombie (Abyss:3)
  5 salamanders
  An elephant (shapeshifter) (Abyss:3)
  A toenail golem (Abyss:1)
  19 apocalypse crabs
  A human skeleton (Vaults:1)
  3 apis skeletons (Depths:1)
  2 stone giant skeletons
  A fire giant skeleton (Abyss:2)
  7 rust devils
  11 vault sentinels
  A black mamba (shapeshifter) (Vaults:1)
  A frost giant skeleton (Abyss:3)
  A shock serpent zombie (Abyss:1)
  2 torpor snails (Spider:3)
  2 black mambas
  65 orange demons
  3 naga magi
  6 guardian serpents
  34 spiny frogs
  3 eyes of devastation (Abyss:3)
  3 gargoyles
  83 smoke demons
  A shock serpent skeleton (Pan)
  A molten gargoyle (Volcano)
  A minotaur zombie (Crypt:1)
  2 yaktaurs (shapeshifter) (Abyss:3)
  7 hellions
  9 rime drakes
  8 kobold demonologists
  21 efreet
  An anaconda simulacrum (Abyss:5)
  A dire elephant skeleton (Abyss:3)
  19 tormentors
  3 ice devils
  57 yaktaurs
  44 demonic crawlers
  21 freezing wraiths
  3 komodo dragons
  32 hellwings
  A hydra zombie (Abyss:3)
  3 tengu conjurers
  56 ancient zymes
  5 harpy zombies (Zot:3)
  30 red devils
  7 trolls
  7 catoblepas skeletons (Abyss:3)
  A polar bear (Lair:2)
  A troll (shapeshifter) (Abyss:3)
  13 tyrant leeches
  An iron troll skeleton (Crypt:1)
  21 jumping spiders
  20 hornets
  9 meliai
  100 raiju
  A wind drake (shapeshifter) (Vaults:2)
  116 slime creatures
  31 blink frogs
  An ettin zombie (Abyss:3)
  2 harpy skeletons
  A blink frog (shapeshifter) (Abyss:4)
  A stone giant simulacrum (Abyss:3)
  A fire dragon zombie (Abyss:4)
  A slime creature (shapeshifter) (Abyss:1)
  2 bog bodies (Swamp:2)
  15 hippogriffs
  27 flying skulls
  6 air elementals
  2 ettin skeletons (Pan)
  15 water elementals
  9 spriggans
  A fire dragon skeleton (Pan)
  21 tarantellas
  20 wraiths
  8 fire elementals
  6 shadows
  5 ice dragon skeletons
  98 redbacks
  6 vampires
  4 alligator skeletons
  98 ynoxinuls
  11 humans
  5 wyverns
  A basilisk (shapeshifter) (Vaults:2)
  36 golden eyes
  29 yaks
  A hungry ghost (Abyss:2)
  A golden eye (shapeshifter) (Abyss:3)
  10 basilisks
  4 hogs (D:9)
  68 neqoxecs
  15 fire bats
  A black mamba skeleton (Pan)
  16 vampire mosquitoes
  73 chaos spawn
  15 spatial vortices
  2 swamp worm simulacra (Swamp:4)
  A steam dragon (Lair:4)
  A red draconian simulacrum (Abyss:3)
  Menkaure (D:7)
  A harpy simulacrum (Abyss:2)
  3 wargs
  An emperor scorpion simulacrum (Abyss:3)
  7 hydra simulacra
  6 nagas
  11 swamp worms
  4 acid dragons
  12 soldier ants
  18 insubstantial wisps
  12 water moccasins
  27 hell hounds
  3 floating eyes
  A floating eye (shapeshifter) (Vaults:5)
  4 porcupines
  4 swamp drakes
  13 eyes of draining
  A swamp drake (shapeshifter) (Abyss:3)
  An ice dragon simulacrum (Abyss:4)
  21 ogres
  54 orc warriors
  10 sky beasts
  A snapping turtle zombie (Abyss:3)
  A swamp dragon zombie (Crypt:1)
  An eye of draining (shapeshifter) (Abyss:3)
  3 black bears (shapeshifter)
  A phantom (D:6)
  A spiny frog skeleton (Pan)
  5 necrophages
  A fire dragon simulacrum (Abyss:3)
  6 boggarts
  An ogre (shapeshifter) (Abyss:3)
  3 wolves
  12 crocodiles
  2 snapping turtle skeletons
  24 centaurs
  8 big kobolds
  A torpor snail zombie (Crypt:1)
  3 elf zombies (Elf:1)
  34 bullfrogs
  An elf skeleton (Pan)
  A gnoll sergeant (Orc:2)
  15 earth elementals
  A wyvern zombie (D:14)
  A scorpion (D:4)
  A manticore simulacrum (Abyss:3)
  2 killer bees (shapeshifter) (Abyss:3)
  7 electric eels
  4 howler monkeys
  23 wights
  7 lava snakes (Volcano)
  21 crimson imps
  12 quasits
  5 jellies
  2 yaktaur simulacra
  4 centaur zombies
  9 hounds
  20 orc priests
  6 centaur skeletons
  Crazy Yiuf (D:7)
  A hound (shapeshifter) (Abyss:3)
  19 iron imps
  A human zombie (Abyss:1)
  Jessica (D:3)
  A bullfrog skeleton (D:11)
  22 orc wizards
  32 worker ants
  A killer bee zombie (Crypt:1)
  A centaur simulacrum (Abyss:3)
  A demigod skeleton (Crypt:1)
  A hound zombie (D:8)
  Robin (D:3)
  21 gnolls
  13 adders
  3 shadow imps
  18 white imps
  A swamp drake simulacrum (Swamp:4)
  25 ufetubi
  3 oozes
  An adder zombie (D:3)
  3 adder skeletons
  A lava snake zombie (Crypt:1)
  3 worms
  9 ball lightnings (Pan)
  8 leopard geckos
  84 orcs
  A spectral bat (Abyss:3)
  2 ball pythons
  A bat zombie (D:9)
  6 giant cockroaches
  23 goblins
  14 hobgoblins
  12 jackals
  3 quokkas
  A quokka (shapeshifter) (Abyss:3)
  A bat (shapeshifter) (Abyss:3)
  24 bats
  4 bat simulacra (Abyss:3)
  5 frilled lizards
  26 kobolds
  2 leopard gecko skeletons
  An orc skeleton (Pan)
  A rat (shapeshifter) (Abyss:3)
  2 rats (D:1)
  4 rat zombies (D:9)
  A butterfly (Zot:3)
  3 lurking horrors
  6 plants
  68 starspawn tentacles
  4 tentacles (Abyss:3)
5148 creatures vanquished.

Vanquished Creatures (collateral kills)
  A curse toe (Zot:4)
  3 golden dragons
  A Brimstone Fiend (Depths:5)
  2 liches
  Rupert (D:14)
  2 Ice Fiends
  A Hell Sentinel (Pan)
  A tentacled monstrosity (Zot:2)
  A deep elf blademaster (Elf:3)
  A titan (Depths:4)
  7 acid blobs
  The ghost of Polaczum the Brawler, an adept TrMo of Nemelex Xobeh (Depths:5)
  5 tentacled starspawn
  4 shadow dragons
  2 warmongers (Pan)
  A tengu reaver (Vaults:5)
  Donald (Swamp:3)
  A frost giant (Depths:4)
  5 azure jellies
  A daeva (Abyss:1)
  A draconian monk (Zot:4)
  A fire giant (Vaults:5)
  A deep elf sorcerer (Elf:3)
  2 ghost moths
  Aizul (Depths:3)
  4 balrugs
  3 vault wardens
  A cacodemon (Pan)
  2 emperor scorpions (Spider:4)
  A deep elf elementalist (Elf:3)
  An angel (Abyss:1)
  3 spriggan defenders
  3 draconian scorchers (Zot:4)
  3 very ugly things
  3 reapers (Pan)
  2 blood saints (Pan)
  2 stone giants
  2 vampire knights (Crypt:1)
  A deep elf demonologist (Elf:3)
  A corrupter (Pan)
  A black sun (Pan)
  A purple draconian (Zot:2)
  4 green draconians
  A white draconian (Zot:4)
  4 deep elf annihilators (Elf:3)
  2 red draconians
  An orange crystal statue (WizLab)
  A crystal guardian (Zot:3)
  A pearl dragon zombie (Depths:1)
  4 deep elf death magi
  4 blizzard demons
  An ettin (Vaults:4)
  2 death oozes (Slime:5)
  3 deep elf high priests (Elf:3)
  A fire dragon (Depths:4)
  A great orb of eyes (Depths:5)
  A spriggan air mage (Depths:3)
  2 vault guards (Elf:1)
  3 rakshasas
  A monstrous demonspawn (Pan)
  3 hydras
  7 ice dragons
  A catoblepas (Abyss:3)
  3 centaur warriors
  An ogre mage (Depths:4)
  A two-headed ogre (Vaults:1)
  2 shambling mangroves (Swamp:4)
  3 death knights
  A death yak (shapeshifter) (Zot:3)
  3 alligators
  A hell hog (Abyss:3)
  A tengu warrior (Depths:3)
  A thrashing horror (Abyss:5)
  2 orc high priests (Orc:2)
  2 deep elf knights (Elf:1)
  3 soul eaters (Pan)
  2 skeletal warriors (Crypt:1)
  2 wretched stars
  2 iron trolls (Depths:5)
  A spriggan berserker (Depths:5)
  7 sun demons
  A sixfirhy (Depths:5)
  3 glowing orange brains
  4 infernal demonspawn (Pan)
  2 shadow demons
  A deep troll (Depths:5)
  3 gelid demonspawn
  2 spriggan druids
  A death drake (shapeshifter) (Elf:1)
  A swamp dragon (Swamp:2)
  A wizard (Vaults:3)
  An obsidian statue (Depths:5)
  A deep elf archer (Elf:2)
  2 harpies (Vaults:3)
  3 necromancers
  4 phantasmal warriors (Crypt:1)
  A torturous demonspawn (Pan)
  2 ironbrand convokers
  A shining eye (Slime:4)
  6 orb spiders
  4 orc knights
  10 ugly things
  4 wolf spiders
  4 orc sorcerers (Orc:2)
  11 deep elf magi
  2 moths of wrath
  A fire giant skeleton (Crypt:1)
  An apis skeleton (Depths:1)
  3 vault sentinels
  3 orange demons (Pan)
  A guardian serpent (Zot:3)
  A centaur zombie (D:13)
  7 smoke demons
  2 rust devils
  A spiny frog (Swamp:2)
  3 efreet (Pan)
  4 yaktaurs
  5 freezing wraiths
  3 demonic crawlers
  A yaktaur (shapeshifter) (Depths:3)
  A komodo dragon (shapeshifter) (Depths:5)
  2 ancient zymes (Abyss:3)
  A troll (D:13)
  2 hellwings (Pan)
  An ice devil (Pan)
  3 jumping spiders (Spider:1)
  9 red devils
  2 meliai (shapeshifter)
  A raiju (Abyss:1)
  3 tyrant leeches (Swamp:4)
  25 slime creatures
  A sphinx simulacrum (Vaults:1)
  A hornet (Depths:3)
  3 bog bodies
  A hippogriff (D:14)
  An iron dragon simulacrum (Crypt:1)
  A shapeshifter (Slime:5)
  4 flying skulls (Crypt:1)
  4 redbacks
  15 starcursed masses
  A spriggan (Depths:5)
  4 ynoxinuls
  A shadow (Swamp:1)
  An ettin skeleton (Vaults:1)
  A wyvern (D:14)
  2 tarantellas
  9 golden eyes
  8 vampire mosquitoes
  5 neqoxecs
  3 swamp worm simulacra (Swamp:4)
  3 swamp worms
  An acid dragon (Vaults:1)
  8 large abominations
  2 hell hounds (Abyss:2)
  A spiny frog zombie (Crypt:1)
  9 hydra simulacra
  A small abomination (Abyss:2)
  2 swamp drakes
  11 orc warriors
  3 eyes of draining
  A manticore skeleton (Crypt:1)
  An ogre (Vaults:1)
  A boggart (Zot:3)
  7 centaurs (D:15)
  An elf zombie (Elf:1)
  A wight (D:11)
  3 crimson imps (Depths:4)
  A jelly (D:15)
  3 orc priests (Orc:2)
  3 worker ants (Lair:2)
  2 gnolls (Bailey)
  An adder (D:2)
  5 white imps (Depths:4)
  An ufetubus (Abyss:1)
  2 swamp drake simulacra (Swamp:4)
  8 orcs
  3 goblins
  4 hobgoblins
  A kobold (D:12)
  An orc simulacrum (Abyss:3)
  A crawling corpse (Elf:3)
  A lurking horror (Abyss:3)
  2 starspawn tentacles (Abyss:3)
490 creatures vanquished.

Vanquished Creatures (others)
  A pandemonium lord (Pan)
  2 deep elf master archers (Elf:3)
  54 eldritch tentacles
  A storm dragon (Zot:4)
  A draconian knight (Zot:2)
  A fire giant (Vaults:5)
  A balrug (Pan)
  A blood saint (Pan)
  A yellow draconian (Zot:2)
  A lorocyproca (Abyss:3)
  2 blizzard demons (Pan)
  An ice dragon (Vaults:3)
  6 yaktaur captains
  A deep troll shaman (Depths:5)
  4 hell hogs
  A soul eater (Pan)
  A titan skeleton (Crypt:1)
  A deep elf archer (Elf:3)
  A deep elf mage (Orc:2)
  A wolf spider (Spider:1)
  An ugly thing (Zot:3)
  An orange demon (Pan)
  A tormentor (Pan)
  A demonic crawler (Spider:1)
  20 yaktaurs
  An efreet (Pan)
  An ancient zyme (Abyss:3)
  2 red devils (Depths:5)
  A hellwing (Pan)
  A ynoxinul (Abyss:3)
  A human (D:14)
  5 golden eyes (Abyss:3)
  A large abomination (Abyss:1)
  2 neqoxecs
  A soldier ant (Lair:2)
  2 orc warriors
  A starcursed mass (Abyss:3)
  2 centaurs
  2 crimson imps (Depths:5)
  2 iron imps (Depths:5)
  A worker ant (Lair:2)
  A white imp (Depths:5)
  10 ball lightnings (Pan)
  A kobold (shapeshifter) (Abyss:3)
  A ball python (shapeshifter) (Abyss:3)
  A block of ice (Pan)
  2 bushes
  7 fungi
  8 lurking horrors
  79 plants
  123 starspawn tentacles
  4 tentacles (Abyss:3)
370 creatures vanquished.

Grand Total: 6008 creatures vanquished

Notes
Turn   | Place    | Note
-------+----------+-------------------------------------------
     0 | D:1      | Andrea the Gnoll Wizard began the quest for the Orb.
     0 | D:1      | Reached XP level 1. HP: 13/13 MP: 8/8
   193 | D:1      | Reached XP level 2. HP: 19/19 MP: 8/10
   607 | D:2      | Found a sparkling altar of Nemelex Xobeh.
   608 | D:2      | Found a basalt altar of Yredelemnul.
   633 | D:2      | Learned a level 2 spell: Call Imp
   641 | D:2      | Reached XP level 3. HP: 25/25 MP: 3/11
   842 | D:2      | Reached skill level 1 in Invocations
   912 | D:2      | Reached skill level 1 in Fighting
   912 | D:2      | Reached skill level 1 in Short Blades
   912 | D:2      | Reached skill level 1 in Long Blades
   912 | D:2      | Reached skill level 1 in Axes
   912 | D:2      | Reached skill level 1 in Maces & Flails
   912 | D:2      | Reached skill level 1 in Polearms
   912 | D:2      | Reached skill level 1 in Staves
   912 | D:2      | Reached skill level 1 in Slings
   912 | D:2      | Reached skill level 1 in Bows
   912 | D:2      | Reached skill level 1 in Crossbows
   912 | D:2      | Reached skill level 1 in Throwing
   912 | D:2      | Reached skill level 1 in Armour
   912 | D:2      | Reached skill level 1 in Shields
   912 | D:2      | Reached skill level 1 in Unarmed Combat
   912 | D:2      | Reached skill level 1 in Evocations
  1143 | D:2      | Found a hazy altar of Hepliaklqana.
  1307 | D:1      | Learned a level 3 spell: Conjure Flame
  1311 | D:1      | Learned a level 3 spell: Mephitic Cloud
  1448 | D:2      | Reached XP level 4. HP: 32/32 MP: 3/13
  1605 | D:3      | Noticed Jessica
  1619 | D:3      | Killed Jessica
  1656 | D:3      | Reached skill level 1 in Hexes
  1656 | D:3      | Reached skill level 1 in Charms
  1656 | D:3      | Reached skill level 1 in Necromancy
  1656 | D:3      | Reached skill level 1 in Transmutations
  1656 | D:3      | Reached skill level 1 in Fire Magic
  1656 | D:3      | Reached skill level 1 in Ice Magic
  1656 | D:3      | Reached skill level 1 in Air Magic
  1656 | D:3      | Reached skill level 1 in Earth Magic
  1656 | D:3      | Reached skill level 1 in Poison Magic
  1855 | D:3      | Found a shimmering blue altar of Sif Muna.
  1957 | D:3      | Learned a level 2 spell: Blink
  1965 | D:3      | Learned a level 2 spell: Slow
  2029 | D:3      | Noticed Robin
  2111 | D:3      | Killed Robin
  2111 | D:3      | Reached XP level 5. HP: 31/37 MP: 3/14
  2560 | D:4      | Found a bloodstained altar of Trog.
  2576 | D:4      | Found a staircase to the Ecumenical Temple.
  2585 | Temple   | Entered the Ecumenical Temple
  2801 | Temple   | Became a worshipper of Cheibriados the Contemplative
  3333 | D:4      | Reached XP level 6. HP: 44/44 MP: 6/16
  3648 | D:5      | Entered Level 5 of the Dungeon
  3821 | D:5      | Reached skill level 5 in Dodging
  3962 | D:5      | Reached XP level 7. HP: 50/50 MP: 9/18
  4842 | D:6      | Reached skill level 5 in Stealth
  5021 | D:6      | Reached * piety under Cheibriados
  5182 | D:6      | Found a shattered altar of Ashenzari.
  5213 | D:6      | Found a shimmering altar of Xom.
  5214 | D:6      | Found a burning altar of Makhleb.
  5225 | D:6      | Reached XP level 8. HP: 30/57 MP: 19/19
  5825 | D:7      | Found a runed translucent gate.
  5825 | D:7      | Noticed FishyPogo's ghost (novice DsFE)
  5826 | D:7      | Found a runed translucent gate.
  5826 | D:7      | Identified the +8 chain mail of Teutogg {Dex+7}
  5827 | D:7      | Found a runed translucent gate.
  5834 | D:7      | Found a roughly hewn altar of Beogh.
  6187 | D:7      | Reached ** piety under Cheibriados
  6545 | D:7      | Noticed a hippogriff
  6559 | D:7      | Killed a hippogriff
  6726 | D:7      | You fall into a shaft and drop 2 floors!
  6727 | D:9      | Noticed a hippogriff
  6734 | D:9      | Noticed a troll
  6936 | D:8      | Reached XP level 9. HP: 65/65 MP: 7/21
  7038 | D:8      | Noticed Harold
  7075 | D:8      | Killed Harold
  7567 | D:7      | Noticed Menkaure
  7568 | D:7      | Reached *** piety under Cheibriados
  7582 | D:7      | Killed Menkaure
  7766 | D:7      | Reached skill level 5 in Invocations
  7957 | D:7      | Found a runed translucent door.
  7958 | D:7      | Noticed Crazy Yiuf
  8049 | D:7      | Killed Crazy Yiuf
  8311 | D:8      | Found Amocuf's General Store.
  8813 | D:8      | Reached XP level 10. HP: 73/73 MP: 14/22
  9330 | D:9      | Reached skill level 5 in Fighting
  9330 | D:9      | Reached skill level 5 in Short Blades
  9330 | D:9      | Reached skill level 5 in Long Blades
  9330 | D:9      | Reached skill level 5 in Axes
  9330 | D:9      | Reached skill level 5 in Maces & Flails
  9330 | D:9      | Reached skill level 5 in Polearms
  9330 | D:9      | Reached skill level 5 in Staves
  9330 | D:9      | Reached skill level 5 in Slings
  9330 | D:9      | Reached skill level 5 in Bows
  9330 | D:9      | Reached skill level 5 in Crossbows
  9330 | D:9      | Reached skill level 5 in Throwing
  9330 | D:9      | Reached skill level 5 in Armour
  9330 | D:9      | Reached skill level 5 in Shields
  9330 | D:9      | Reached skill level 5 in Unarmed Combat
  9330 | D:9      | Reached skill level 5 in Evocations
  9525 | D:9      | Reached **** piety under Cheibriados
  9812 | D:9      | Found a staircase to the Orcish Mines.
  9828 | D:9      | Found an ancient bone altar of Kikubaaqudgha.
  9891 | D:9      | Reached skill level 5 in Conjurations
  9891 | D:9      | Reached skill level 5 in Summonings
  9891 | D:9      | Reached skill level 5 in Translocations
 10143 | D:10     | Entered Level 10 of the Dungeon
 10572 | D:10     | Noticed Fannar
 10854 | D:10     | Killed Fannar
 10854 | D:10     | Reached XP level 11. HP: 78/78 MP: 14/24
 11293 | D:11     | Reached ***** piety under Cheibriados
 11573 | D:11     | Noticed a white ugly thing
 11586 | D:11     | Killed a white ugly thing
 11586 | D:11     | Reached skill level 5 in Hexes
 11586 | D:11     | Reached skill level 5 in Charms
 11586 | D:11     | Reached skill level 5 in Necromancy
 11586 | D:11     | Reached skill level 5 in Transmutations
 11586 | D:11     | Reached skill level 5 in Fire Magic
 11586 | D:11     | Reached skill level 5 in Ice Magic
 11586 | D:11     | Reached skill level 5 in Air Magic
 11586 | D:11     | Reached skill level 5 in Earth Magic
 11586 | D:11     | Reached skill level 5 in Poison Magic
 12108 | D:11     | Found a staircase to the Lair.
 12180 | D:11     | Noticed a manticore
 12196 | D:11     | Killed a manticore
 12435 | D:11     | Noticed a two-headed ogre
 12458 | D:11     | Killed a two-headed ogre
 12825 | D:11     | Noticed a two-headed ogre
 12835 | D:11     | Killed a two-headed ogre
 13189 | D:12     | Noticed a two-headed ogre
 13211 | D:12     | Killed a two-headed ogre
 13407 | D:12     | Gained mutation: Your body sometimes deteriorates upon
                  | taking damage. [a neqoxec]
 13532 | D:12     | Reached XP level 12. HP: 82/86 MP: 21/25
 14284 | D:12     | Noticed Josephine
 14307 | D:12     | Killed Josephine
 14307 | D:12     | Reached skill level 10 in Spellcasting
 14923 | D:8      | Bought a +2 scale mail of poison resistance for 270 gold
                  | pieces
 15019 | Lair:1   | Entered Level 1 of the Lair of Beasts
 15147 | Lair:1   | Noticed a four-headed hydra
 15158 | Lair:1   | Killed a four-headed hydra
 15232 | Lair:1   | Reached ****** piety under Cheibriados
 15437 | Lair:1   | Noticed a four-headed hydra
 15462 | Lair:1   | Killed a seven-headed hydra
 16019 | Lair:2   | Noticed a five-headed hydra
 16070 | Lair:2   | Noticed a queen ant
 16098 | Lair:2   | Killed a queen ant
 16446 | Lair:2   | Killed a five-headed hydra
 16446 | Lair:2   | Reached XP level 13. HP: 63/93 MP: 17/27
 16681 | Lair:2   | Found a hole to the Spider Nest.
 17300 | Lair:2   | Found a staircase to the Swamp.
 18102 | Lair:3   | Found a runed translucent gate.
 18104 | Lair:3   | Found a runed translucent gate.
 18105 | Lair:3   | Found a runed translucent gate.
 18107 | Lair:3   | Noticed a minotaur
 18108 | Lair:3   | Noticed Dikli's ghost (journeyman MiBe)
 20164 | Lair:5   | Found a dark tunnel.
 20169 | Volcano  | Entered a volcano
 20512 | Volcano  | Found a bloodstained altar of Trog.
 20607 | Volcano  | Reached XP level 14. HP: 100/101 MP: 27/29
 21294 | Lair:6   | Entered Level 6 of the Lair of Beasts
 21304 | Lair:5   | Learned a level 6 spell: Deflect Missiles
 21588 | Lair:6   | Reached skill level 10 in Dodging
 22250 | Lair:6   | Reached skill level 10 in Stealth
 22810 | Lair:6   | Reached skill level 10 in Invocations
 23448 | Lair:6   | Found a staircase to the Slime Pits.
 23449 | Lair:6   | Found a viscous altar of Jiyva.
 24217 | Orc:1    | Entered Level 1 of the Orcish Mines
 24428 | Orc:1    | Learned a level 4 spell: Summon Lightning Spire
 24429 | Orc:2    | Entered Level 2 of the Orcish Mines
 24949 | Orc:2    | Found Umeasidgh's Food Shoppe.
 24959 | Orc:2    | Found Cank's General Store.
 25156 | Orc:2    | Reached XP level 15. HP: 72/114 MP: 23/30
 25428 | Orc:2    | Noticed Jorgrun
 25455 | Orc:2    | HP: 5/114 [orc wizard/magic dart (3)]
 25783 | Orc:2    | Killed Jorgrun
 25980 | Orc:2    | Noticed Azrael
 26001 | Orc:2    | Killed Azrael
 26288 | Orc:2    | Found a staircase to the Elven Halls.
 26719 | Orc:2    | Paralysed by an orc sorcerer for 6 turns
 26893 | Orc:2    | Found Betrumm's Antique Armour Boutique.
 26893 | Orc:2    | Found a one-way gate leading to the halls of Pandemonium.
 26893 | Orc:2    | Found Kuj Road's Book Shop.
 27202 | D:13     | Found a flagged portal.
 27330 | Bailey   | Entered a bailey
 27620 | Bailey   | Reached skill level 10 in Fighting
 27620 | Bailey   | Reached skill level 10 in Short Blades
 27620 | Bailey   | Reached skill level 10 in Long Blades
 27620 | Bailey   | Reached skill level 10 in Axes
 27620 | Bailey   | Reached skill level 10 in Maces & Flails
 27620 | Bailey   | Reached skill level 10 in Polearms
 27620 | Bailey   | Reached skill level 10 in Staves
 27620 | Bailey   | Reached skill level 10 in Slings
 27620 | Bailey   | Reached skill level 10 in Bows
 27620 | Bailey   | Reached skill level 10 in Crossbows
 27620 | Bailey   | Reached skill level 10 in Throwing
 27620 | Bailey   | Reached skill level 10 in Armour
 27620 | Bailey   | Reached skill level 10 in Shields
 27620 | Bailey   | Reached skill level 10 in Unarmed Combat
 27620 | Bailey   | Reached skill level 10 in Evocations
 27723 | Bailey   | Noticed an orc warlord
 27754 | Bailey   | Killed an orc warlord
 28502 | D:13     | Found a sparkling altar of Nemelex Xobeh.
 28838 | D:14     | Noticed Rupert
 28857 | D:14     | Paralysed by Rupert for 3 turns
 28860 | D:14     | Killed Rupert
 29158 | D:14     | You fall into a shaft and drop 1 floor!
 29158 | D:15     | Entered Level 15 of the Dungeon
 30133 | D:15     | Reached XP level 16. HP: 93/122 MP: 26/32
 30147 | D:15     | Found a staircase to the Depths.
 30417 | Swamp:1  | Entered Level 1 of the Swamp
 30603 | Swamp:3  | Noticed Donald
 30752 | Swamp:4  | Entered Level 4 of the Swamp
 30921 | Swamp:4  | Identified a scroll of acquirement
 30932 | Swamp:4  | Learned a level 5 spell: Aura of Abjuration
 30938 | Swamp:4  | Learned a level 5 spell: Irradiate
 31122 | Swamp:4  | HP: 4/123 [shambling mangrove (19)]
 31808 | Swamp:4  | Reached XP level 17. HP: 129/129 MP: 33/33
 32031 | Swamp:3  | Identified the +2 robe of Gezxaytz {rF+ Str+3 Int+4}
 32031 | Swamp:3  | Identified the amulet of Activism {Harm *Drain Str+2 Dex+4}
 32089 | Swamp:3  | Killed Donald
 34683 | Swamp:4  | Got a decaying rune of Zot
 34982 | Spider:1 | Entered Level 1 of the Spider Nest
 35665 | Spider:2 | Reached XP level 18. HP: 138/138 MP: 35/35
 36260 | Spider:2 | Reached skill level 10 in Conjurations
 36260 | Spider:2 | Reached skill level 10 in Summonings
 36260 | Spider:2 | Reached skill level 10 in Translocations
 36533 | Spider:3 | Noticed Mara
 36550 | Spider:3 | Noticed Arachne
 36551 | Spider:3 | Identified Roxanne's Incunabulum of Earth
 36551 | Spider:3 | Noticed Roxanne
 36559 | Spider:3 | Killed Arachne
 36602 | Spider:3 | Noticed Andrea's illusion
 36614 | Spider:3 | Noticed Andrea's illusion
 36838 | Spider:3 | Learned a level 3 spell: Ignite Poison
 37612 | Spider:3 | Killed Roxanne
 37644 | Spider:4 | Entered Level 4 of the Spider Nest
 37652 | Spider:4 | Learned a level 1 spell: Summon Butterflies
 37711 | Spider:4 | Reached skill level 10 in Hexes
 37711 | Spider:4 | Reached skill level 10 in Charms
 37711 | Spider:4 | Reached skill level 10 in Necromancy
 37711 | Spider:4 | Reached skill level 10 in Transmutations
 37711 | Spider:4 | Reached skill level 10 in Fire Magic
 37711 | Spider:4 | Reached skill level 10 in Ice Magic
 37711 | Spider:4 | Reached skill level 10 in Air Magic
 37711 | Spider:4 | Reached skill level 10 in Earth Magic
 37711 | Spider:4 | Reached skill level 10 in Poison Magic
 38987 | Spider:4 | Reached XP level 19. HP: 132/146 MP: 30/36
 39302 | Spider:4 | HP: 6/146 [something (8)]
 39306 | Spider:4 | HP: 2/146 [something (8)]
 39317 | Spider:4 | HP: 3/146 [something (10)]
 39919 | Spider:4 | Got a gossamer rune of Zot
 40633 | D:14     | Noticed Frances
 40647 | D:14     | Killed Frances
 40774 | D:14     | Found a gate to the Vaults.
 40797 | D:14     | Got an ancient great sword
 40806 | D:14     | Got a scorched great sword
 40820 | D:14     | Identified the +6 great sword of Execution {protect, Int+3
                  | Stlth+} (You found it on level 14 of the Dungeon)
 40822 | D:14     | Identified the +2 great sword of Waettamp {flame, rPois
                  | Int+7} (You found it on level 14 of the Dungeon)
 41249 | Vaults:1 | Entered Level 1 of the Vaults
 41388 | Vaults:1 | Found Bunwag's Book Shop.
 41399 | Vaults:1 | Learned a level 5 spell: Borgnjor's Vile Clutch
 41496 | Vaults:1 | Paralysed by a sphinx for 3 turns
 41652 | Vaults:1 | Lost mutation: Your body sometimes deteriorates upon taking
                  | damage. [potion of mutation]
 41652 | Vaults:1 | Gained mutation: You have sharp fingernails. [potion of
                  | mutation]
 41652 | Vaults:1 | Gained mutation: You are surrounded by a mild repulsion
                  | field. (EV +2) [potion of mutation]
 41846 | Vaults:1 | Found Varphout's General Store.
 41930 | Vaults:1 | Found Fairips's Antique Armour Shoppe.
 42030 | Vaults:1 | Bought a pair of runed boots for 322 gold pieces
 42030 | Vaults:1 | Bought a glowing cloak for 322 gold pieces
 42846 | Vaults:1 | Found Udowik's Jewellery Emporium.
 42853 | Vaults:1 | Bought an uncursed ring of positive energy for 360 gold
                  | pieces
 43351 | Vaults:2 | Reached XP level 20. HP: 155/155 MP: 30/38
 43550 | Vaults:2 | Found Kibb's Gadget Boutique.
 44877 | Vaults:3 | Reached skill level 15 in Maces & Flails
 45192 | Vaults:3 | Found a staircase to the Crypt.
 45664 | Vaults:3 | Paralysed by a wizard for 4 turns
 45943 | Vaults:3 | Noticed Saint Roka
 45959 | Vaults:3 | Killed Saint Roka
 46160 | Vaults:4 | Reached XP level 21. HP: 162/162 MP: 39/39
 46681 | Vaults:4 | Paralysed by a sphinx for 3 turns
 47653 | Vaults:4 | Reached skill level 15 in Spellcasting
 48172 | Elf:1    | Entered Level 1 of the Elven Halls
 48297 | Elf:1    | Found Misistre's Assorted Antiques.
 48798 | Elf:1    | Identified the +8 short sword of Teoprox {venom, rElec}
 48914 | Elf:1    | Found a portal to a secret trove of treasure.
 48977 | Elf:1    | Identified the Catalogue of Necromancy
 49461 | Elf:1    | You paid a toll of 4 potions of resistance to enter a
                  | treasure trove
 49462 | Trove    | Entered a treasure trove
 49463 | Trove    | Found the ring of Phasing {EV+8}
 49469 | Trove    | Got a slimy platinum amulet
 49471 | Trove    | Got a slimy ruby amulet
 49475 | Trove    | Got a smoking bone ring
 49481 | Trove    | Got a wavering sapphire amulet
 49485 | Trove    | Got a faintly glowing emerald amulet
 49492 | Trove    | Got a wavering ivory ring
 49502 | Trove    | Got a slimy steel ring
 49524 | Elf:1    | Identified the amulet of Lachix {Gourm Str+2} (You found it
                  | in a treasure trove)
 49526 | Elf:1    | Identified the amulet of the Morning {RegenMP +Blink rC+
                  | Int+3 SInv} (You found it in a treasure trove)
 49527 | Elf:1    | Identified the ring "Bosu" {rF+ Int+7 Dex-4} (You found it
                  | in a treasure trove)
 49530 | Elf:1    | Identified the amulet of Vilew {RegenMP rF+ Str+6 Slay+5}
                  | (You found it in a treasure trove)
 49532 | Elf:1    | Identified the amulet "Onniqal" {Gourm +Fly rC+ MR+} (You
                  | found it in a treasure trove)
 49534 | Elf:1    | Identified the ring of Jetuocw {Ice Stlth+} (You found it
                  | in a treasure trove)
 49564 | Elf:1    | Identified the ring "Bilat" {rF++ AC+3 Str-5 Dex+4} (You
                  | found it in a treasure trove)
 49933 | Elf:2    | Reached XP level 22. HP: 158/169 MP: 37/41
 49975 | Elf:2    | Reached skill level 15 in Invocations
 49976 | Elf:2    | Found Boypidukk's Armour Shoppe.
 50019 | Elf:2    | Found Keont's Assorted Antiques.
 50152 | Elf:2    | Found Tibucypn's Weapon Shop.
 50187 | Elf:2    | Found Gaowyrgh's General Store.
 50291 | Elf:2    | Found a runed translucent gate.
 50291 | Elf:2    | Found a runed translucent gate.
 50296 | Elf:2    | Found a runed translucent gate.
 51137 | Elf:3    | Entered Level 3 of the Elven Halls
 52223 | Elf:3    | Identified the +5 chain mail of Inevitability {-Cast MR+
                  | Str+8 Dex+2}
 52430 | Elf:3    | Identified the ring "Ciuri" {rF++ rC++ EV+1 Str-3}
 52464 | Elf:3    | Cast into level 2 of the Abyss (deep elf high priest)
 52828 | Abyss:2  | Reached skill level 15 in Dodging
 52872 | Elf:3    | Escaped the Abyss
 52956 | Elf:3    | Identified the +7 war axe "Roxall" {chop, rPois Stlth+}
 53007 | Elf:3    | Identified the ring "Roroagu" {rN++ MR+ Str-2 SInv Stlth+}
 53010 | Elf:3    | Identified the +6 scale mail of the Wilderness {Str+2}
 53024 | Elf:3    | Cast into level 2 of the Abyss (a deep elf demonologist)
 53067 | Abyss:2  | Reached XP level 23. HP: 116/177 MP: 33/42
 53095 | Abyss:2  | Learned a level 3 spell: Regeneration
 53149 | Abyss:2  | Reached skill level 15 in Stealth
 53227 | Abyss:2  | Paralysed by a great orb of eyes for 2 turns
 53336 | Elf:3    | Escaped the Abyss
 53468 | Elf:3    | Identified the amulet "Wefus" {Harm *Drain rN+}
 53499 | Elf:3    | Got a fine demon blade
 53501 | Elf:3    | Identified the +2 demon blade "Imp's Demise" {flame, rN+
                  | Str+4 Stlth+} (You found it on level 3 of the Elven Halls)
 53510 | Elf:3    | Got a dazzling hand crossbow
 53511 | Elf:3    | Identified the +6 hand crossbow "Beastslayer" {venom, *Slow
                  | rC+ MP+9 Str+3} (You found it on level 3 of the Elven
                  | Halls)
 53540 | Elf:3    | Identified the Grimoire of Assistive Poisoning
 53583 | Elf:3    | Got a warped long sword
 53584 | Elf:3    | Identified the +6 long sword of Exquisite Death {slice,
                  | rN+} (You found it on level 3 of the Elven Halls)
 55643 | Depths:1 | Entered Level 1 of the Depths
 55845 | Depths:1 | Found a one-way gate to the infinite horrors of the Abyss.
 56084 | Depths:1 | Found a gateway to Hell.
 56518 | Depths:1 | Found a basalt altar of Yredelemnul.
 56626 | Depths:1 | Got a pitted great sword
 56632 | Depths:1 | Identified the +6 great sword of Siomorown {drain, Dex+4
                  | Stlth+} (You found it on level 1 of the Depths)
 56749 | Depths:2 | Paralysed by a sphinx for 4 turns
 57131 | Depths:2 | Found Ganuadem's Antique Armour Boutique.
 57291 | Depths:2 | Found a gateway to a ziggurat.
 57570 | Depths:2 | Noticed a golden dragon
 57571 | Depths:2 | Noticed a juggernaut
 57848 | Depths:2 | Got a scorched wooden ring
 57892 | Depths:2 | Killed a juggernaut
 57892 | Depths:2 | Reached skill level 15 in Fighting
 57892 | Depths:2 | Reached skill level 15 in Short Blades
 57892 | Depths:2 | Reached skill level 15 in Long Blades
 57892 | Depths:2 | Reached skill level 15 in Axes
 57892 | Depths:2 | Reached skill level 15 in Polearms
 57892 | Depths:2 | Reached skill level 15 in Staves
 57892 | Depths:2 | Reached skill level 15 in Slings
 57892 | Depths:2 | Reached skill level 15 in Bows
 57892 | Depths:2 | Reached skill level 15 in Crossbows
 57892 | Depths:2 | Reached skill level 15 in Throwing
 57892 | Depths:2 | Reached skill level 15 in Armour
 57892 | Depths:2 | Reached skill level 15 in Shields
 57892 | Depths:2 | Reached skill level 15 in Unarmed Combat
 57892 | Depths:2 | Reached skill level 15 in Evocations
 58215 | Depths:2 | Killed a golden dragon
 58309 | Depths:2 | Reached XP level 24. HP: 179/188 MP: 36/43
 58616 | Depths:2 | Identified the Tome of the Flying Mountains
 58644 | Depths:2 | Identified the ring of Doabbael {+Fly Int+3 Dex+2 Stlth+}
                  | (You found it on level 2 of the Depths)
 58950 | Depths:3 | Found a magical portal.
 59141 | WizLab   | Found the +9 staff of Wucad Mu {channel}
 59483 | WizLab   | Reached XP level 25. HP: 195/195 MP: 43/43
 59803 | Depths:3 | Noticed Mennas
 59981 | Vaults:1 | Bought a Necronomicon for 1435 gold pieces
 59981 | Vaults:1 | Bought a Grand Grimoire for 1435 gold pieces
 59990 | Vaults:1 | Learned a level 7 spell: Malign Gateway
 60133 | Depths:3 | Noticed Boris
 60145 | Depths:3 | Killed Boris
 60354 | Depths:3 | Killed Mennas
 60478 | Depths:3 | Noticed Aizul
 60499 | Depths:3 | Killed Aizul
 60726 | Depths:3 | Paralysed by a great orb of eyes for 3 turns
 60882 | Depths:3 | Noticed the Enchantress
 60887 | Depths:3 | Killed the Enchantress
 60893 | Depths:3 | Noticed Nikola
 60912 | Depths:3 | Killed Nikola
 61537 | Depths:4 | Found Buoman's Magic Scroll Boutique.
 61704 | Depths:4 | Paralysed by a great orb of eyes for 6 turns
 61817 | Depths:4 | Found Vaetto's Gadget Boutique.
 61817 | Depths:4 | Found Amurieb's Jewellery Emporium.
 61818 | Depths:4 | Found Tiente Uttoo's Jewellery Emporium.
 62633 | Orc:2    | Bought a book of Transfigurations for 935 gold pieces
 62641 | Orc:2    | Learned a level 6 spell: Statue Form
 63529 | Depths:5 | Entered Level 5 of the Depths
 63529 | Depths:5 | Found a flickering gateway to a bazaar.
 63538 | Depths:5 | Reached XP level 26. HP: 206/206 MP: 20/43
 63688 | Bazaar   | Entered a bazaar
 63692 | Bazaar   | Found Ajiyttimow's Food Boutique.
 63710 | Bazaar   | Found Sejoiq's Antique Weapon Shoppe.
 63728 | Bazaar   | Found Jiwyuble's Book Boutique.
 63745 | Bazaar   | Found Hiosm's Antique Armour Emporium.
 63775 | Bazaar   | Bought a pair of runed gloves for 180 gold pieces
 64078 | Depths:5 | Found a gate to the Realm of Zot.
 64516 | Depths:5 | Found a runed translucent gate.
 64516 | Depths:5 | Found a runed translucent gate.
 64516 | Depths:5 | Found a runed translucent gate.
 64516 | Depths:5 | Noticed Polaczum's ghost (adept TrMo)
 64648 | Depths:1 | Voluntarily entered the Abyss.
 64691 | Abyss:1  | Got a dazzling plate armour
 64692 | Abyss:1  | Identified the +1 plate armour "Namoade" {rF+ Str-4 SInv
                  | Stlth+} (You found it on level 1 of the Abyss)
 64907 | Abyss:2  | Found a corrupted altar of Lugonu.
 65806 | Abyss:3  | Found a corrupted altar of Lugonu.
 66035 | Abyss:3  | Got an abyssal rune of Zot
 66153 | Abyss:3  | Gained mutation: Your body sometimes deteriorates upon
                  | taking damage. [a neqoxec]
 66159 | Abyss:3  | Gained mutation: You are frail. (-10% HP) [a neqoxec]
 66161 | Abyss:3  | Gained mutation: Your magical capacity is low. (-10% MP) [a
                  | neqoxec]
 66257 | Abyss:3  | Paralysed by accursed screaming for 1 turns
 66338 | Abyss:3  | Found a corrupted altar of Lugonu.
 66395 | Abyss:3  | Gained mutation: You are weak. (Str -2) [a neqoxec]
 66397 | Abyss:3  | Gained mutation: Your body often deteriorates upon taking
                  | damage. [a neqoxec]
 66532 | Depths:1 | Escaped the Abyss
 66770 | Slime:1  | Entered Level 1 of the Pits of Slime
 67209 | Slime:2  | Gained mutation: You occasionally shout uncontrollably at
                  | your foes. [a shining eye]
 67423 | Slime:2  | Reached XP level 27. HP: 60/193 MP: 40/40
 68788 | Slime:4  | Gained mutation: You are occasionally teleported next to
                  | monsters. [a shining eye]
 68790 | Slime:4  | Gained mutation: You are very weak. (Str -4) [a shining
                  | eye]
 68942 | Slime:4  | Gained mutation: Scrolls take you a little longer to read.
                  | [a shining eye]
 69573 | Slime:5  | Entered Level 5 of the Pits of Slime
 70299 | Slime:5  | Noticed the Royal Jelly
 70906 | Slime:5  | Found a viscous altar of Jiyva.
 70908 | Slime:5  | Found the +2 hat of the Bear Spirit {Spirit, +Rage rN+
                  | MR++}
 70909 | Slime:5  | Found the +8 trident of the Octopus King {venom, rElec
                  | rPois MR+}
 71050 | Slime:5  | Killed the Royal Jelly
 71177 | Slime:5  | Got a scorched flail
 71182 | Slime:5  | Identified the cursed +1 flail of Ublompan {protect, *Slow
                  | rN+ MR+++ Str+3} (You found it on level 5 of the Pits of
                  | Slime)
 71191 | Slime:5  | Identified Wixoupio's Grimoire of Cold and Evil Magic
 71193 | Slime:5  | Identified the Reference Book on Burning Summoning
 71236 | Slime:5  | Got a slimy rune of Zot
 71259 | Slime:5  | Got a scintillating crystal amulet
 71262 | Slime:5  | Identified the amulet "Ygrus" {rElec Regen+ Str+9} (You
                  | found it on level 5 of the Pits of Slime)
 71266 | Slime:5  | Got a fine brass amulet
 71269 | Slime:5  | Identified the amulet of the Real Monster {Inacc Str+4}
                  | (You found it on level 5 of the Pits of Slime)
 71279 | Slime:5  | Identified Moal's Compendium of Earthen Fire
 71566 | Slime:5  | Got a crude flail
 71567 | Slime:5  | Identified the +7 flail "Ateofit" {crush, rElec rC+ Int+3
                  | Dex+4} (You found it on level 5 of the Pits of Slime)
 71970 | Elf:1    | Lost mutation: Your body often deteriorates upon taking
                  | damage. [potion of mutation]
 71970 | Elf:1    | Lost mutation: Your body sometimes deteriorates upon taking
                  | damage. [potion of mutation]
 71970 | Elf:1    | Lost mutation: Your magical capacity is low. (-10% MP)
                  | [potion of mutation]
 71970 | Elf:1    | Gained mutation: Scrolls take you longer to read. [potion
                  | of mutation]
 71970 | Elf:1    | Gained mutation: You are somewhat resistant to further
                  | mutation. [potion of mutation]
 71971 | Elf:1    | Lost mutation: You are frail. (-10% HP) [potion of
                  | mutation]
 71971 | Elf:1    | Lost mutation: Scrolls take you longer to read. [potion of
                  | mutation]
 71972 | Elf:1    | Lost mutation: Scrolls take you a little longer to read.
                  | [potion of mutation]
 71972 | Elf:1    | Lost mutation: You are somewhat resistant to further
                  | mutation. [potion of mutation]
 71972 | Elf:1    | Gained mutation: You have a pair of small horns on your
                  | head. [potion of mutation]
 71972 | Elf:1    | Gained mutation: You do not regenerate when monsters are
                  | visible. [potion of mutation]
 71972 | Elf:1    | Gained mutation: You are partially covered in iridescent
                  | scales. (AC +2) [potion of mutation]
 71973 | Elf:1    | Lost mutation: You are very weak. (Str -4) [potion of
                  | mutation]
 71973 | Elf:1    | Lost mutation: You do not regenerate when monsters are
                  | visible. [potion of mutation]
 71973 | Elf:1    | Gained mutation: You evolve. [potion of mutation]
 71973 | Elf:1    | Gained mutation: You have large cloven feet. [potion of
                  | mutation]
 72653 | D:7      | Killed FishyPogo's ghost
 73040 | Zot:1    | Entered Level 1 of the Realm of Zot
 73197 | Zot:1    | Lost mutation: You have large cloven feet. [evolution]
 75348 | Zot:3    | Reached skill level 15 in Conjurations
 75348 | Zot:3    | Reached skill level 15 in Summonings
 75348 | Zot:3    | Reached skill level 15 in Translocations
 76402 | Zot:4    | Reached skill level 15 in Hexes
 76402 | Zot:4    | Reached skill level 15 in Charms
 76402 | Zot:4    | Reached skill level 15 in Necromancy
 76402 | Zot:4    | Reached skill level 15 in Transmutations
 76402 | Zot:4    | Reached skill level 15 in Fire Magic
 76402 | Zot:4    | Reached skill level 15 in Ice Magic
 76402 | Zot:4    | Reached skill level 15 in Air Magic
 76402 | Zot:4    | Reached skill level 15 in Earth Magic
 76402 | Zot:4    | Reached skill level 15 in Poison Magic
 77967 | Vaults:5 | Entered Level 5 of the Vaults
 78193 | Vaults:5 | Identified the cursed +1 scimitar of Distant Worlds {slice,
                  | Str+4}
 78309 | Vaults:5 | Gained mutation: You have a pair of horns on your head.
                  | [evolution]
 78708 | Vaults:5 | Got a silver rune of Zot
 78731 | Vaults:5 | Identified the ring of the Foremost Songs {+Fly rElec rN++
                  | MR-}
 79556 | Crypt:1  | Entered Level 1 of the Crypt
 79577 | Crypt:1  | Identified the +5 falchion "Hydrabane" {holy, +Inv rPois
                  | rF+ rC+}
 79655 | Crypt:1  | Found a transporter.
 79655 | Crypt:1  | Noticed an ancient lich
 79755 | Crypt:1  | Found a transporter.
 80691 | Depths:1 | Voluntarily entered the Abyss.
 80774 | Abyss:1  | Paralysed by accursed screaming for 1 turns
 80937 | Abyss:3  | Found a corrupted altar of Lugonu.
 81341 | Abyss:3  | Gained mutation: Your body sometimes deteriorates upon
                  | taking damage. [a neqoxec]
 82042 | Abyss:3  | Paralysed by accursed screaming for 1 turns
 82079 | Abyss:3  | Gained mutation: You are partially covered in large bone
                  | plates. (SH +4) [evolution]
 82313 | Abyss:3  | Got a brightly glowing ivory ring
 82314 | Abyss:3  | Identified the ring "Hidijiu" {+Fly Str+5} (You acquired it
                  | on level 3 of the Abyss)
 82726 | Abyss:3  | Found a corrupted altar of Lugonu.
 82893 | Abyss:3  | Paralysed by accursed screaming for 1 turns
 83028 | Depths:1 | Escaped the Abyss
 83096 | Depths:1 | Voluntarily entered the Abyss.
 83132 | Abyss:1  | Noticed an ancient lich
 83137 | Abyss:1  | Killed an ancient lich
 83138 | Abyss:1  | Gained mutation: Scrolls take you a little longer to read.
                  | [a cacodemon]
 83138 | Abyss:1  | Gained mutation: Your magical capacity is low. (-10% MP) [a
                  | cacodemon]
 83142 | Abyss:1  | Gained mutation: You sometimes yell uncontrollably at your
                  | foes. [a cacodemon]
 83143 | Abyss:1  | Paralysed by accursed screaming for 1 turns
 83143 | Abyss:1  | Gained mutation: You are dopey. (Int -2) [a cacodemon]
 83146 | Abyss:1  | Paralysed by accursed screaming for 1 turns
 83154 | Depths:1 | Escaped the Abyss
 83291 | Depths:1 | Voluntarily entered the Abyss.
 84145 | Abyss:1  | Noticed an ancient lich
 84156 | Abyss:1  | Killed an ancient lich
 84950 | Abyss:1  | Paralysed by accursed screaming for 1 turns
 84955 | Abyss:1  | Paralysed by accursed screaming for 2 turns
 85343 | Abyss:2  | Found a burning altar of Makhleb.
 86211 | Abyss:4  | Found a corrupted altar of Lugonu.
 86232 | Abyss:4  | Found a transporter.
 86280 | Depths:1 | Escaped the Abyss
 86282 | Depths:1 | Voluntarily entered the Abyss.
 86406 | Abyss:2  | Found a corrupted altar of Lugonu.
 86462 | Abyss:3  | Gained mutation: You passively map a small area around you.
                  | [evolution]
 86622 | Abyss:3  | Gained mutation: You frequently scream uncontrollably at
                  | your foes. [a neqoxec]
 88089 | Abyss:3  | Got an ichor-stained fustibalus
 88092 | Abyss:3  | Identified the +9 fustibalus of Bloody Death {venom, Str+2}
                  | (You found it on level 3 of the Abyss)
 88213 | Abyss:3  | Got a smoking silver ring
 88216 | Abyss:3  | Identified the ring of Piol {+Inv rC+ rN+ Str-3 SInv} (You
                  | found it on level 3 of the Abyss)
 88547 | Abyss:3  | Gained mutation: Your body often deteriorates upon taking
                  | damage. [a neqoxec]
 88633 | Abyss:3  | Lost mutation: You are dopey. (Int -2) [evolution]
 89242 | Abyss:3  | Got a bound bronze ring
 89247 | Abyss:3  | Identified the ring of Buje {rC+ EV+1} (You found it on
                  | level 3 of the Abyss)
 89294 | Abyss:3  | Gained mutation: Your magical capacity is very low. (-20%
                  | MP) [a neqoxec]
 89500 | Abyss:3  | Gained mutation: You are very weak. (Str -4) [a shining
                  | eye]
 89664 | Abyss:3  | Found a roughly hewn altar of Beogh.
 90013 | Abyss:3  | Gained mutation: You tend to lose your temper in combat. [a
                  | neqoxec]
 90014 | Abyss:3  | Gained mutation: Your magical capacity is extremely low.
                  | (-30% MP) [a neqoxec]
 90083 | Depths:1 | Escaped the Abyss
 90094 | Depths:1 | Learned a level 8 spell: Necromutation
 90136 | Depths:1 | Lost mutation: Scrolls take you a little longer to read.
                  | [potion of mutation]
 90136 | Depths:1 | Lost mutation: You frequently scream uncontrollably at your
                  | foes. [potion of mutation]
 90136 | Depths:1 | Lost mutation: Your body often deteriorates upon taking
                  | damage. [potion of mutation]
 90136 | Depths:1 | Lost mutation: You tend to lose your temper in combat.
                  | [potion of mutation]
 90136 | Depths:1 | Gained mutation: You are resistant to hostile enchantments.
                  | (MR+) [potion of mutation]
 90137 | Depths:1 | Lost mutation: You are surrounded by a mild repulsion
                  | field. (EV +2) [potion of mutation]
 90137 | Depths:1 | Lost mutation: You are occasionally teleported next to
                  | monsters. [potion of mutation]
 90137 | Depths:1 | Gained mutation: You are surrounded by a mild repulsion
                  | field. (EV +2) [potion of mutation]
 90138 | Depths:1 | Lost mutation: Your body sometimes deteriorates upon taking
                  | damage. [potion of mutation]
 90138 | Depths:1 | Lost mutation: You are partially covered in iridescent
                  | scales. (AC +2) [potion of mutation]
 90138 | Depths:1 | Lost mutation: You are very weak. (Str -4) [potion of
                  | mutation]
 90138 | Depths:1 | Gained mutation: Your mind is acute. (Int +2) [potion of
                  | mutation]
 90293 | Depths:5 | Killed Polaczum's ghost
 90341 | Depths:5 | Lost mutation: You sometimes yell uncontrollably at your
                  | foes. [potion of mutation]
 90341 | Depths:5 | Lost mutation: Your magical capacity is extremely low.
                  | (-30% MP) [potion of mutation]
 90341 | Depths:5 | Lost mutation: You are resistant to hostile enchantments.
                  | (MR+) [potion of mutation]
 90341 | Depths:5 | Lost mutation: You passively map a small area around you.
                  | [potion of mutation]
 90341 | Depths:5 | Gained mutation: You have a somewhat thin skeletal
                  | structure. (Dex +2, Stealth) [potion of mutation]
 90520 | Pan      | Entered Pandemonium
 90837 | Pan      | Noticed Votedgh the pandemonium lord
 90851 | Pan      | Killed Votedgh the pandemonium lord
 91068 | Pan      | Gained mutation: You are frail. (-10% HP) [a neqoxec]
 91396 | Pan      | Found an exit through the horrors of the Abyss.
 91796 | Pan      | Got a crystal fustibalus
 91797 | Pan      | Identified the +7 fustibalus of Gasot {flame, rF+ rC+ rN+}
                  | (You found it in Pandemonium)
 92009 | Pan      | Gained mutation: You possess an exceptional clarity of
                  | mind. [evolution]
 92055 | Pan      | Found a huge runed translucent gate.
 92055 | Pan      | Found a huge runed translucent gate.
 92100 | Pan      | Lost mutation: You occasionally shout uncontrollably at
                  | your foes. [a neqoxec]
 92112 | Pan      | Found a huge runed translucent gate.
 92112 | Pan      | Found a huge runed translucent gate.
 92112 | Pan      | Found a huge runed translucent gate.
 92112 | Pan      | Found a huge runed translucent gate.
 92185 | Pan      | Gained mutation: You are very weak. (Str -4) [a neqoxec]
 92185 | Pan      | Gained mutation: Armour fits poorly on your strangely
                  | shaped body. [a neqoxec]
 92190 | Pan      | Gained mutation: Potions are less effective at restoring
                  | your health. [a neqoxec]
 92209 | Pan      | Gained mutation: Your body sometimes deteriorates upon
                  | taking damage. [a neqoxec]
 92304 | Pan      | Found a huge runed translucent gate.
 92319 | Pan      | Noticed Finlunikk the pandemonium lord
 92342 | Pan      | Killed Finlunikk the pandemonium lord
 92725 | Pan      | Entered the realm of Gloorx Vloq.
 93369 | Pan      | Found an exit through the horrors of the Abyss.
 94069 | Pan      | Noticed Gloorx Vloq
 94086 | Pan      | Killed Gloorx Vloq
 94144 | Pan      | Got a dark rune of Zot
 94459 | Pan      | Noticed Buef the pandemonium lord
 94473 | Pan      | Killed Buef the pandemonium lord
 94777 | Pan      | Found a runed translucent door.
 94881 | Pan      | Got a demonic rune of Zot
 95576 | Pan      | Found a runed translucent door.
 95579 | Pan      | Found a runed translucent door.
 95579 | Pan      | Found a runed translucent door.
 95583 | Pan      | Found a runed translucent door.
 95583 | Pan      | Noticed Vebem the pandemonium lord
 95601 | Pan      | Killed Vebem the pandemonium lord
 95706 | Pan      | Lost mutation: You evolve. [end of evolution]
 95772 | Pan      | Found an exit through the horrors of the Abyss.
 96104 | Pan      | Lost mutation: You are frail. (-10% HP) [potion of
                  | mutation]
 96104 | Pan      | Lost mutation: Your magical capacity is very low. (-20% MP)
                  | [potion of mutation]
 96104 | Pan      | Gained mutation: You have large cloven feet. [potion of
                  | mutation]
 96525 | Pan      | Noticed Taroq the pandemonium lord
 96539 | Pan      | Killed Taroq the pandemonium lord
 97337 | Pan      | Gained mutation: Your spells are a little easier to cast,
                  | but a little less powerful. [a cacodemon]
 97510 | Pan      | Identified the ring of the Illusory Scars {+Blink +Fly
                  | rElec rN+ Slay+5}
 97525 | Pan      | Found a transporter.
 97632 | Pan      | Learned a level 8 spell: Ignition
 97792 | Pan      | Learned a level 3 spell: Lesser Beckoning
 98102 | Pan      | Found a transporter.
 98527 | Pan      | Got a crude lead ring
 98528 | Pan      | Identified the ring of Brilliance {*Drain rPois SInv
                  | Stlth-} (You found it in Pandemonium)
 98543 | Pan      | Identified the Guide on Confrontation and Ice
 98546 | Pan      | Got a pair of scorched boots
 98547 | Pan      | Identified the +2 pair of boots of Wujinn {rC+} (You found
                  | it in Pandemonium)
 98675 | Pan      | Entered the realm of Cerebov.
 98704 | Pan      | Found an exit through the horrors of the Abyss.
 98888 | Pan      | Identified the ring "Quinipp" {rF+ rC+}
 98999 | Pan      | Got a steaming iron ring
 99019 | Pan      | Identified the ring of Giseyget {Ice MR+ Int+6 Dex-3} (You
                  | found it in Pandemonium)
 99165 | Pan      | Identified the ring "Uteheruuto" {+Inv MR+ Int+4 Dex-2
                  | SInv}
 99338 | Pan      | Identified the amulet "Zugaoh" {Acrobat Slay+4}
 99896 | Pan      | Identified the +6 sword of Cerebov {flame}
 99896 | Pan      | Noticed Cerebov
100385 | Pan      | Identified the Compendium of Envenoming and Shape Shifting
100460 | Pan      | Identified the cursed +1 longbow "Hell-Harrower" {venom,
                  | rElec MR+ Dex+4}
100591 | Pan      | Identified the +4 scale mail "Icziliob" {-Tele rN+ Stlth+}
100815 | Pan      | Killed Cerebov
100865 | Pan      | Got a fiery rune of Zot
101231 | Pan      | Entered the realm of Mnoleg.
101260 | Pan      | Gained mutation: Your spells are easier to cast, but less
                  | powerful. [a cacodemon]
101262 | Pan      | Gained mutation: Your body often deteriorates upon taking
                  | damage. [a cacodemon]
101481 | Pan      | Gained mutation: You do not regenerate when monsters are
                  | visible. [a neqoxec]
101487 | Pan      | Noticed Mnoleg
101531 | Pan      | Killed Mnoleg
101567 | Pan      | Paralysed by a floating eye for 2 turns
101770 | Pan      | Gained mutation: Your spells are much easier to cast, but
                  | much less powerful. [a neqoxec]
101858 | Pan      | Got a glowing rune of Zot
101924 | Pan      | Gained mutation: You are frail. (-10% HP) [a cacodemon]
101925 | Pan      | Lost mutation: Your mind is acute. (Int +2) [a cacodemon]
101964 | Pan      | Gained mutation: Scrolls take you a little longer to read.
                  | [a neqoxec]
102012 | Pan      | Gained mutation: You are clumsy. (Dex -2) [a cacodemon]
102262 | Pan      | Gained mutation: You are dopey. (Int -2) [a neqoxec]
102321 | Pan      | Gained mutation: Your magical capacity is very low. (-20%
                  | MP) [a cacodemon]
102557 | Pan      | Found a huge runed translucent gate.
102596 | Pan      | Found a huge runed translucent gate.
103429 | Pan      | Found a huge runed translucent gate.
103430 | Pan      | Found a huge runed translucent gate.
103430 | Pan      | Found a huge runed translucent gate.
103430 | Pan      | Found a huge runed translucent gate.
103431 | Pan      | Found a huge runed translucent gate.
103436 | Pan      | Noticed Xadauc the pandemonium lord
103457 | Pan      | Killed Xadauc the pandemonium lord
103593 | Depths:3 | Escaped Pandemonium
103969 | Elf:1    | Bought a potion of mutation for 240 gold pieces
103973 | Elf:1    | Lost mutation: You are frail. (-10% HP) [potion of
                  | mutation]
103973 | Elf:1    | Lost mutation: Scrolls take you a little longer to read.
                  | [potion of mutation]
103973 | Elf:1    | Lost mutation: Your body often deteriorates upon taking
                  | damage. [potion of mutation]
103973 | Elf:1    | Lost mutation: You are clumsy. (Dex -2) [potion of
                  | mutation]
103973 | Elf:1    | Lost mutation: You are very weak. (Str -4) [potion of
                  | mutation]
103973 | Elf:1    | Lost mutation: Your magical capacity is very low. (-20% MP)
                  | [potion of mutation]
103973 | Elf:1    | Lost mutation: You are weak. (Str -2) [potion of mutation]
103983 | Elf:2    | Bought a potion of mutation for 304 gold pieces
103985 | Elf:2    | Lost mutation: You have a pair of horns on your head.
                  | [potion of mutation]
103985 | Elf:2    | Lost mutation: Potions are less effective at restoring your
                  | health. [potion of mutation]
103985 | Elf:2    | Lost mutation: Your body sometimes deteriorates upon taking
                  | damage. [potion of mutation]
103985 | Elf:2    | Lost mutation: You possess an exceptional clarity of mind.
                  | [potion of mutation]
103985 | Elf:2    | Gained mutation: You tend to lose your temper in combat.
                  | [potion of mutation]
103985 | Elf:2    | Lost mutation: Your magical capacity is low. (-10% MP)
                  | [potion of mutation]
103985 | Elf:2    | Gained mutation: Your flesh is heat resistant. (rF+)
                  | [potion of mutation]
104316 | Depths:1 | Voluntarily entered the Abyss.
104317 | Abyss:1  | Found a corrupted altar of Lugonu.
104348 | Abyss:1  | Paralysed by accursed screaming for 1 turns
104366 | Abyss:1  | Noticed an ancient lich
104372 | Depths:1 | Escaped the Abyss
104513 | Depths:1 | Voluntarily entered the Abyss.
105231 | Abyss:3  | Found a hazy altar of Hepliaklqana.
105469 | Abyss:3  | Got a distressingly furry plate armour
105485 | Abyss:3  | Identified the +7 plate armour of Surprise {rElec Str+3
                  | Stlth+} (You found it on level 3 of the Abyss)
105628 | Depths:1 | Escaped the Abyss
105708 | Depths:1 | Voluntarily entered the Abyss.
105731 | Abyss:1  | Noticed an ancient lich
105745 | Abyss:1  | Killed an ancient lich
106206 | Abyss:2  | Paralysed by you for 5 turns
106355 | Abyss:3  | Found a corrupted altar of Lugonu.
107437 | Abyss:4  | Found an ancient bone altar of Kikubaaqudgha.
107489 | Abyss:4  | Identified the Handbook of the Helpful Oath
107824 | Abyss:4  | Reached skill level 27 in Maces & Flails
107973 | Abyss:4  | Reached skill level 27 in Fighting
108000 | Abyss:4  | Got a heavily runed plate armour
108006 | Abyss:4  | Identified the +6 plate armour of Sero {rElec rPois rN+++
                  | Int-2} (You found it on level 4 of the Abyss)
108079 | Abyss:5  | Entered Level 5 of the Abyss
108337 | Abyss:5  | Found a corrupted altar of Lugonu.
108345 | Abyss:5  | Got a fine broad axe
108346 | Abyss:5  | Identified the +4 broad axe "Killer Klown's Curse" {freeze,
                  | rC+ Int+8 Stlth-} (You found it on level 5 of the Abyss)
108506 | Abyss:5  | Paralysed by accursed screaming for 1 turns
108677 | Abyss:5  | Found a corrupted altar of Lugonu.
108868 | Depths:1 | Escaped the Abyss
108922 | Pan      | Entered Pandemonium
109017 | Pan      | Noticed Yzoukof the pandemonium lord
109030 | Pan      | Killed Yzoukof the pandemonium lord
109260 | Pan      | Found an exit through the horrors of the Abyss.
109762 | Pan      | Noticed Bawkukke the pandemonium lord
109774 | Pan      | Killed Bawkukke the pandemonium lord
110054 | Pan      | Found an exit through the horrors of the Abyss.
110938 | Pan      | Identified the amulet of the Locust {Faith Int+3 SInv}
111140 | Pan      | Identified the +5 ring mail of Cuxzakih {rPois MR+}
111182 | Pan      | Noticed Uschukas the pandemonium lord
111192 | Pan      | Killed Uschukas the pandemonium lord
111306 | Pan      | Reached skill level 27 in Stealth
111812 | Pan      | Entered the realm of Lom Lobon.
112577 | Pan      | Noticed Lom Lobon
112658 | Pan      | HP: 12/249 [Lom Lobon/great icy blast (12)]
112660 | Pan      | Killed from afar by a smoke demon

Levels and vault maps discovered:
D:1:      ncdulo_lavacross, layout_basic
D:2:      layout_rooms, old_standard_altar, gammafunk_temple_overflow_statue
D:3:      layout_rooms, led_sif_pool, uniq_robin, uniq_jessica
D:4:      layout_basic, minmay_temple_entry_hall, trog_book
D:5:      layout_basic, first_ration
D:6:      layout_basic, grunt_temple_overflow_champion_of_chaos,
          evilmike_ruin_ashenzari, minmay_fractal_squares_gapless_5
D:7:      layout_loops_ring, biasface_ghost_orc_armoury, uniq_menkaure,
          uniq_crazy_yiuf_cottage
D:8:      layout_basic, serial_shops, nicolae_shop_stone, uniq_harold
D:9:      layout_long_grid, lemuel_zombie_altar_kikubaaqudgha, orc_0_dummy,
          grunt_livestock, minmay_quadrilaterals
D:10:     layout_basic, minivault_25, uniq_fannar
D:11:     layout_roguey, erik_lair_island
D:12:     layout_roguey, gauntlet_entry_generic, kennysheep_generic_room_12,
          uniq_josephine
D:13:     layout_loops_cross, enter_bailey_8, nemelex_xobeh_ov_fountains_minmay
D:14:     layout_roguey, ximxim_vaults_locker_room, special_room
          [special_room_mythical_zoo], grunt_decor_fettered,
          minmay_misc_feat_ornament, uniq_rupert, uniq_frances
D:15:     grunt_enter_depths_snipers, layout_long_grid, minivault_22
Temple:   regret_index_temple_generic_petals
Lair:1:   layout_cave_shapes, beast_lair_carwin_4
Lair:2:   layout_loops_ring, palyth_hydra_swamp_entry, spider_nest_entry_a,
          zaba_anthell
Lair:3:   layout_small_grid, maelrawn_ghost_gauntlet_escape
Lair:4:   layout_regular_city, guppyfry_lair_drakes
Lair:5:   layout_gridlike, enter_volcano_1
Lair:6:   minmay_lair_end_frog_pond, layout_big_grid, slime_altar_1,
          serial_bayou_pond_e
Swamp:1:  layout_falls_marsh, hangedman_swamp_cone
Swamp:2:  layout_falls_marsh, evilmike_swamp_ruin_house_3, swamp_pool5,
          hangedman_swamp_double_dragon
Swamp:3:  layout_falls_marsh, hangedman_swamp_ruin_wall, uniq_donald
Swamp:4:  swamp_icy, layout_basic_swamp
Spider:1: layout_spider_delve
Spider:2: layout_spider_delve
Spider:3: layout_spider_delve, uniq_mara, uniq_arachne, uniq_roxanne
Spider:4: grunt_spider_rune_circles, drop_trap
Slime:1:  layout_caves
Slime:2:  layout_caves
Slime:3:  layout_caves
Slime:4:  cheibrodos_slime_lost_civilization_10, layout_caves
Slime:5
Orc:1:    layout_diamond_mine, mines_bat_river, uniq_erolcha
Orc:2:    pf_orc_diabolical, layout_diamond_mine, elves_outpost_lemuel,
          uniq_azrael, uniq_jorgrun
Elf:1:    eino_elf_arrival_sip, layout_loops_ring, serial_shops, shop,
          enter_trove_5, minmay_elf_necromancy, lemuel_flamethrower_2
Elf:2:    layout_geoelf_grid, serial_shops, shop,
          nicolae_shop_competitors_out_of_business, shop, shop
Elf:3:    nooodl_elf_gasket, layout_onion_city
Vaults:1: v_misc_9, v_pattern_4, ontoclasm_vaults_ring_square,
          grunt_vaults_swirl, vaults_room_grunt_arrival_ludios,
          vaults_mumra_hexcomb, vaults_dpeg_hooks, vaults_room_pools,
          layout_vaults_quadrants, serial_shops, nicolae_shop_stone, shop,
          nicolae_shop_behind_doors, shop
Vaults:2: v_rooms_4, v_misc_4, vaults_dpeg_cross, hangedman_vaults_trim,
          nicolae_vaults_network_periphery, vaults_room_door_ring,
          layout_vaults_chaotic_city, serial_shops, nicolae_shop_behind_doors
Vaults:3: nicolae_vaults_border_crossing, ontoclasm_vaults_shout,
          nicolae_vaults_little_squares_3, nicolae_vaults_little_squares_2,
          ontoclasm_vaults_twist, nicolae_vaults_stairing_the_circle,
          hangedman_vaults_pinch, v_misc_31, minmay_crypt_entry_simple_statues,
          nicolae_vaults_little_squares_1, nicolae_vaults_mini_display_case,
          vaults_room_door_ring, layout_vaults_maze_snakey, uniq_saint_roka
Vaults:4: vaults_dpeg_ring, nicolae_vaults_rhombus_5, nicolae_vaults_network_s,
          vaults_mumra_chevron, st_squares, grunt_vaults_focal,
          hangedman_vaults_corner_blocks, ontoclasm_vaults_ligature, v_misc_5,
          nicolae_vaults_ninety_degrees, v_pattern_1, v_misc_30, v_misc_24,
          nicolae_vaults_windows_and_doors_thing,
          nicolae_vaults_little_squares_4, grunt_vaults_hallway_short,
          layout_vaults_big_cross
Vaults:5
Crypt:1:  gammafunk_sealed_arena, layout_rooms, grunt_megastairs_2
Depths:1: layout_long_grid, pf_coc_iceberg, pan_entry, roderic_three_in_a_row,
          abyss_entry, serial_sigils_hangedman_gut, small_chamber_with_monster,
          minmay_misc_feat_rows, hangedman_blasphemy
Depths:2: minmay_broken_ring, layout_gridlike, enter_ziggurat_e,
          kennysheep_pointless_box, pf_hell_entry_tar_spiral,
          grunt_ministairs_6, serial_bayou_lake_a, minmay_shop_star,
          serial_bayou_shore_b, infiniplex_staircase_zigzag_1
Depths:3: kennysheep_funnel, layout_gridlike, rand_demon_pan_entry_1,
          pf_hell_entry_great_geh, mu_enter_wizlab_1, kennysheep_nub,
          minmay_staircase_bubble, uniq_boris, uniq_enchantress, uniq_mennas,
          uniq_aizul, uniq_nikola
Depths:4: cross_vault, layout_cave_pools, hell_entry, pan_entry, serial_shops,
          shop, abyss_entry, st_stairs_5, chequers_serial_rivers_small_b,
          minmay_fire_ice_demons, minmay_shop_grove
Depths:5: evilmike_zot_entry_round, layout_cave_pools, serial_shops,
          freezing_bzr, grunt_hell_entry_demonic_statue,
          biasface_ghost_demon_polymorph, abyss_entry_small_statue_room
Zot:1:    layout_misc_corridors, st_stairs_7
Zot:2:    layout_gridville
Zot:3:    hangedman_orp_of_zott, layout_twisted_circle
Zot:4:    layout_cathedral_of_symmetry, lemuel_flame_loot_1
Pan:      rand_demon_2, layout_basic, nicolae_pan_giant_door, layout_small_grid,
          pan_blood_fountain_small, gloorx_vloq_st, layout_onion_city,
          regret_index_pan_draining_boxed, layout_basic, rand_demon_7,
          layout_stronghold, nicolae_pan_mnolegish_2, evilmike_mini_pan_V,
          layout_grid_shapes, gammafunk_the_bubble
          [the_bubble_gammafunk_crates], layout_chambers, pan_blood_fountain,
          evilmike_cerebov_lava, layout_pan_divisions_b
          [pan_division_quadrant_b1, pan_division_quadrant_b4,
          pan_division_quadrant_b1, pan_division_quadrant_b6],
          mnoleg_grunt_wretched_star, layout_grid_shapes,
          nicolae_pan_strange_glyphs [nicolae_pan_strange_glyph_fear,
          nicolae_pan_strange_glyph_envy,
          nicolae_pan_strange_glyph_disappointment,
          nicolae_pan_strange_glyph_disgust], nicolae_pan_giant_door,
          layout_stronghold, evilmike_mini_pan_doors, layout_gridville,
          nicolae_pan_lom_lobonic_1, evilmike_mini_pan_doors,
          layout_grid_shapes, pan_blood_fountain_small, pan_blood_fountain,
          evilmike_mini_pan_layers, layout_small_grid, pan_blood_fountain,
          nicolae_pan_mnolegish_2, lom_lobon_spiral_st, layout_long_grid,
          nicolae_pan_cerebovesque_3, nicolae_pan_strange_glyphs
          [nicolae_pan_strange_glyph_melancholia,
          nicolae_pan_strange_glyph_schadenfreude]

Skill      XL: |  1  2  3  4  5  6  7  8  9 10 11 12 13 14 15 16 17 18 19 20 21 22 23 24 25 26 27 |
---------------+----------------------------------------------------------------------------------+-----
Conjurations   | 2 3 4 5 6 7 8 9 10 11 12 13 14 20 | 20.3
Summonings     | 2 3 4 5 6 7 8 9 10 11 12 13 14 20 | 20.3
Translocations | 2 3 4 5 6 7 8 9 10 11 12 13 14 20 | 20.3
Invocations    | 1 2 3 4 5 6 7 8 9 10 11 12 13 14 15 16 17 24 | 24.9
Fighting       | 1 2 3 4 5 6 7 8 9 10 11 12 13 14 15 16 17 27 | 27.0
Short Blades   | 1 2 3 4 5 6 7 8 9 10 11 12 13 14 15 16 23 | 23.2
Long Blades    | 1 2 3 4 5 6 7 8 9 10 11 12 13 14 15 16 23 | 23.2
Axes           | 1 2 3 4 5 6 7 8 9 10 11 12 13 14 15 16 23 | 23.2
Maces & Flails | 1 2 3 4 5 6 7 8 9 10 11 12 13 14 15 16 17 18 19 20 27 | 27.0
Polearms       | 1 2 3 4 5 6 7 8 9 10 11 12 13 14 15 16 24 | 24.7
Staves         | 1 2 3 4 5 6 7 8 9 10 11 12 13 14 15 16 23 | 23.2
Slings         | 1 2 3 4 5 6 7 8 9 10 11 12 13 14 15 16 23 | 23.2
Bows           | 1 2 3 4 5 6 7 8 9 10 11 12 13 14 15 16 23 | 23.2
Crossbows      | 1 2 3 4 5 6 7 8 9 10 11 12 13 14 15 16 23 | 23.2
Throwing       | 1 2 3 4 5 6 7 8 9 10 11 12 13 14 15 16 23 | 23.2
Armour         | 1 2 3 4 5 6 7 8 9 10 11 12 13 14 15 16 23 | 23.2
Shields        | 1 2 3 4 5 6 7 8 9 10 11 12 13 14 15 16 23 | 23.2
Unarmed Combat | 1 2 3 4 5 6 7 8 9 10 11 12 13 14 15 16 23 | 23.2
Evocations     | 1 2 3 4 5 6 7 8 9 10 11 12 13 14 15 16 23 | 23.2
Hexes          | 1 2 3 4 5 6 7 8 9 10 11 12 13 14 20 | 20.2
Charms         | 1 2 3 4 5 6 7 8 9 10 11 12 13 14 20 | 20.2
Necromancy     | 1 2 3 4 5 6 7 8 9 10 11 12 13 14 20 | 20.2
Transmutations | 1 2 3 4 5 6 7 8 9 10 11 12 13 14 20 | 20.2
Fire Magic     | 1 2 3 4 5 6 7 8 9 10 11 12 13 14 20 | 20.2
Ice Magic      | 1 2 3 4 5 6 7 8 9 10 11 12 13 14 20 | 20.2
Air Magic      | 1 2 3 4 5 6 7 8 9 10 11 12 13 14 20 | 20.2
Earth Magic    | 1 2 3 4 5 6 7 8 9 10 11 12 13 14 20 | 20.2
Poison Magic   | 1 2 3 4 5 6 7 8 9 10 11 12 13 14 20 | 20.2
Dodging        | 5 6 7 8 9 10 11 12 13 14 15 16 23 | 23.5
Stealth        | 5 6 7 8 9 10 11 12 13 14 15 16 27 | 27.0
Spellcasting   | 8 9 10 11 12 13 14 15 16 17 23 | 23.9

Action                   |  1- 3 |  4- 6 |  7- 9 | 10-12 | 13-15 | 16-18 | 19-21 | 22-24 | 25-27 || total
-------------------------+-------+-------+-------+-------+-------+-------+-------+-------+-------++-------
Melee: Short sword       |     5 |     8 |       |       |       |       |       |       |       ||    13
       Bite              |     1 |     5 |    18 |    93 |   263 |   217 |   338 |   148 |  2081 ||  3164
       Spear             |       |    29 |   154 |   551 |   446 |       |       |       |       ||  1180
       Punch             |       |       |     2 |    25 |    75 |       |       |       |       ||   102
       Falchion          |       |       |       |    32 |    11 |     2 |    54 |       |       ||    99
       Scimitar          |       |       |       |    28 |   355 |   412 |    61 |   285 |  2076 ||  3217
       Morningstar       |       |       |       |     9 |    80 |       |       |       |       ||    89
       Broad axe         |       |       |       |       |   198 |    55 |   323 |     3 |     2 ||   581
       Staff             |       |       |       |       |       |   305 |   811 |   280 |   396 ||  1792
       Eudemon blade     |       |       |       |       |       |       |       |       |  5510 ||  5510
       Headbutt          |       |       |       |       |       |       |       |       |  3236 ||  3236
       Demon blade       |       |       |       |       |       |       |       |       |   366 ||   366
       Flail             |       |       |       |       |       |       |       |       |   137 ||   137
       Kick              |       |       |       |       |       |       |       |       |    22 ||    22
       Unarmed           |       |       |       |       |       |       |       |       |     1 ||     1
 Fire: Hunting sling     |       |       |       |       |       |       |       |    67 |   447 ||   514
Throw: Dart              |       |       |       |    11 |    30 |       |     7 |    10 |       ||    58
       Throwing net      |       |       |       |     1 |       |       |       |     1 |     1 ||     3
 Cast: Magic Dart        |    98 |   140 |   207 |   248 |   231 |   102 |    16 |    19 |     2 ||  1063
       Call Imp          |     1 |     1 |     9 |    23 |     6 |     2 |       |       |     1 ||    43
       Slow              |       |     3 |       |     8 |    78 |    61 |    22 |     4 |     7 ||   183
       Mephitic Cloud    |       |     6 |    20 |    49 |   105 |       |     5 |     3 |     4 ||   192
       Conjure Flame     |       |     1 |    28 |    42 |    29 |       |     2 |       |     6 ||   108
       Blink             |       |       |     5 |    17 |    32 |     4 |     4 |       |    26 ||    88
       Deflect Missiles  |       |       |       |       |     3 |     2 |     5 |     2 |    12 ||    24
       Summon Lightning  |       |       |       |       |    22 |    63 |    40 |    48 |   167 ||   340
       Irradiate         |       |       |       |       |       |    17 |    15 |    11 |   137 ||   180
       Ignite Poison     |       |       |       |       |       |    13 |    68 |    46 |    58 ||   185
       Aura of Abjuratio |       |       |       |       |       |     1 |     5 |    31 |    87 ||   124
       Borgnjor's Vile C |       |       |       |       |       |       |    12 |    10 |   186 ||   208
       Regeneration      |       |       |       |       |       |       |       |     3 |   114 ||   117
       Malign Gateway    |       |       |       |       |       |       |       |       |    55 ||    55
       Summon Butterflie |       |       |       |       |       |       |       |       |    26 ||    26
       Statue Form       |       |       |       |       |       |       |       |       |    20 ||    20
       Necromutation     |       |       |       |       |       |       |       |       |   213 ||   213
       Lesser Beckoning  |       |       |       |       |       |       |       |       |   120 ||   120
       Ignition          |       |       |       |       |       |       |       |       |    37 ||    37
Invok: Step From Time    |       |       |       |       |     2 |       |       |       |     1 ||     3
 Abil: Evoke Flight      |       |       |       |       |       |       |       |       |     7 ||     7
       Stop Flying       |       |       |       |       |       |       |       |       |     1 ||     1
Evoke: Wand              |       |       |       |     7 |     2 |       |       |     4 |     5 ||    18
       Staff of Olgreb   |       |       |       |       |       |    40 |    89 |    60 |    50 ||   239
       Staff of Wucad Mu |       |       |       |       |       |       |       |       |     4 ||     4
       Phantom mirror    |       |       |       |       |       |       |       |       |     1 ||     1
  Use: Scroll            |       |       |     1 |    19 |     8 |    11 |     4 |     4 |    54 ||   101
       Potion            |       |       |     2 |       |     3 |     3 |     6 |     2 |    35 ||    51
 Stab: Confused          |       |     5 |     8 |    47 |   138 |       |     3 |     1 |     2 ||   204
       Distracted        |       |       |     1 |     3 |     5 |    21 |    16 |     6 |   189 ||   241
       Sleeping          |       |       |       |     1 |     7 |     7 |    21 |     2 |    16 ||    54
       Paralysed         |       |       |       |     8 |     4 |       |       |       |     2 ||    14
       Invisible         |       |       |       |       |    11 |       |       |       |       ||    11
       Held in net/web   |       |       |       |       |       |     4 |       |       |       ||     4
       Petrifying        |       |       |       |       |       |       |       |       |     3 ||     3
  Eat: Chunk             |       |    10 |     5 |    13 |    25 |    15 |    20 |    13 |    31 ||   132
       Ration            |       |       |     1 |       |       |     1 |     2 |     2 |    22 ||    28
Armor: Leather armour    |     2 |     2 |     6 |     7 |       |       |       |       |       ||    17
       Ring mail         |       |       |       |    20 |       |       |       |       |       ||    20
       Scale mail        |       |       |       |    23 |    74 |   202 |   248 |       |       ||   547
       Chain mail        |       |       |       |       |     6 |       |    20 |    48 |       ||    74
       Plate armour      |       |       |       |       |   150 |       |       |    25 |  1131 ||  1306
       Skin              |       |       |       |       |       |       |       |       |    44 ||    44
Dodge: Dodged            |     5 |    27 |   125 |   295 |  1081 |   797 |   926 |   399 |  5133 ||  8788
       Deflected         |       |       |     3 |    11 |    23 |    22 |    48 |    24 |   162 ||   293
Block: Other             |       |       |       |    27 |    73 |       |       |       |       ||   100
       Reflection        |       |       |       |     4 |       |    14 |    62 |    51 |   188 ||   319
       Shield            |       |       |       |       |       |   708 |   792 |   369 |  8376 || 10245
       Rpst.: Falchion   |       |       |       |    11 |     3 |       |     2 |       |       ||    16
       Scimitar          |       |       |       |     9 |   100 |    78 |     9 |    28 |   168 ||   392
       Eudemon blade     |       |       |       |       |       |       |       |       |   527 ||   527
       Demon blade       |       |       |       |       |       |       |       |       |    17 ||    17
